 Dungeon Crawl Stone Soup version 0.25.1-2-g60ff931df9 (webtiles) character file.

Game seed: 18118800171350291683

13918010 chimenez the Conqueror (level 27, 256/256 HPs)
             Began as a Formicid Gladiator on Nov 14, 2020.
             Was the Champion of Zin.
             Escaped with the Orb
             ... and 15 runes on Nov 16, 2020!
             The game lasted 08:18:46 (115026 turns).

chimenez the Conqueror (Formicid Gladiator)       Turns: 115026, Time: 08:18:46

Health: 256/256    AC: 37    Str: 36    XL:     27
Magic:  51/51      EV: 16    Int: 20    God:    Zin [******]
Gold:   4236       SH: 36    Dex: 12    Spells: 23/74 levels left

rFire    + + +     SeeInvis +   L - +9 executioner's axe of Defence by Offence {flame, rF+ rC+ Str+6 Int-4}
rCold    + + +     Gourm    .   b - +10 tower shield of Ignorance {rN+ Int-4}
rNeg     + . .     Faith    .   l - +12 gold dragon scales
rPois    +         Spirit   .   (helmet unavailable)
rElec    .         Reflect  .   j - +1 cloak of Disaster {rF++ rC++ Int+3}
rCorr    .         Harm     .   V - +0 pair of gloves "Baf Taquipot" {rC+ Str+3 Slay+2}
MR       ++++.                  O - +2 pair of boots {Fly}
Stlth    +.........             v - amulet of the acrobat
HPRegen  0.52/turn              X - ring of the Mage {Wiz MR++ Int+3}
MPRegen  0.32/turn              i - ring of Bumn {rC+ Str+3 Int+6}

@: flying
A: permanent stasis, dig shafts and tunnels, four strong arms, antennae 3,
rugged brown scales 1, camouflage 1, deformed body
0: Orb of Zot
}: 15/15 runes: barnacled, slimy, silver, golden, iron, obsidian, icy, bone,
abyssal, demonic, glowing, magical, fiery, dark, gossamer
a: Dig, Shaft Self, Recite, Vitalisation, Imprison, Sanctuary, Donate Gold,
Renounce Religion, Stop Flying


You escaped.
You worshipped Zin.
Zin was exalted by your worship.
You were not hungry.

You visited 18 branches of the dungeon, and saw 85 of its levels.
You visited Pandemonium 2 times, and saw 13 of its levels.
You visited the Abyss 7 times.
You visited 1 ziggurat, and saw 13 of its levels.

You collected 16249 gold pieces.
You spent 4362 gold pieces at shops.
You donated 7651 gold pieces to Zin.

Inventory:

Hand Weapons
 y - the +3 battleaxe of Obsession {holy, Int+3}
   (You found it in Pandemonium)

   It has been blessed by the Shining One to cause great damage to the undead
   and demons.
   It affects your intelligence (+3).
 B - a +9 executioner's axe of freezing
 L - the +9 executioner's axe of Defence by Offence (weapon) {flame, rF+ rC+ Str+6 Int-4}
   (Okawaru gifted it to you on level 4 of the Realm of Zot)

   It has been specially enchanted to burn those struck by it, causing extra
   injury to most foes and up to half again as much damage against particularly
   susceptible opponents.
   Big, fiery blades are also staple armaments of hydra-hunters.
   It affects your strength (+6).
   It affects your intelligence (-4).
   It protects you from fire.
   It protects you from cold.
 Q - a +9 eveningstar of holy wrath
Missiles
 p - 34 silver boomerangs
 E - 118 silver javelins (quivered)
 Y - 12 curare-tipped darts
Armour
 b - the +10 tower shield of Ignorance (worn) {rN+ Int-4}
   (You found it on level 9 of the Dungeon)

   It affects your intelligence (-4).
   It protects you from negative energy.
 e - the +2 pair of gloves of Dishonour {*Corrode *Slow rC+ Int+10}
   (You found it on level 6 of the Lair of Beasts)

   It affects your intelligence (+10).
   It protects you from cold.
   It may corrode you when you take damage.
   It may slow you when you take damage.
 j - the +1 cloak of Disaster (worn) {rF++ rC++ Int+3}
   (You bought it in a shop on level 2 of the Orcish Mines)

   It affects your intelligence (+3).
   It greatly protects you from fire.
   It greatly protects you from cold.
 l - +12 gold dragon scales (worn)
 t - the +2 cloak of Xom {rElec rN+ Regen+}
   (You bought it in a shop on level 2 of the Orcish Mines)

   It insulates you from electricity.
   It protects you from negative energy.
   It increases your rate of regeneration.
 O - a +2 pair of boots of flying (worn)
 V - the +0 pair of gloves "Baf Taquipot" (worn) {rC+ Str+3 Slay+2}
   (Okawaru gifted it to you on level 6 of the Lair of Beasts)

   It affects your strength (+3).
   It affects your accuracy and damage with ranged weapons and melee attacks
   (+2).
   It protects you from cold.
Jewellery
 h - the amulet "Loocupia" {+Blink rF- MR+++ Regen+ Str+4}
   (You found it on level 7 of Cocytus)

   [amulet of regeneration]

   It affects your strength (+4).
   It makes you vulnerable to fire.
   It affects your resistance to hostile enchantments.
   It lets you blink.
   It increases your rate of regeneration.
 i - the ring of Bumn (right hand) {rC+ Str+3 Int+6}
   (You found it in Pandemonium)

   [ring of intelligence]

   It affects your strength (+3).
   It affects your intelligence (+6).
   It protects you from cold.
 k - the ring of Nosulom {rElec rN+ Dex-2 Stlth-}
   (You found it on level 7 of Tartarus)

   [ring of attention]

   It affects your dexterity (-2).
   It insulates you from electricity.
   It protects you from negative energy.
   It makes you less stealthy.
 o - the ring of Baer {rC+ MP+9 Str+6}
   (You found it on level 6 of a ziggurat)

   [ring of strength]

   It affects your strength (+6).
   It protects you from cold.
   It affects your magic capacity (+9).
 u - the ring of Phasing {EV+8}
   (You found it on level 7 of Cocytus)

   [ring of evasion]

   It affects your evasion (+8).
 v - an amulet of the acrobat (around neck)
 x - an uncursed ring of protection from fire
 A - the ring "Poghuv" {MP+9 Str-5 Int+6}
   (You took it off a balrug on level 7 of Gehenna)

   [ring of magical power]

   It affects your strength (-5).
   It affects your intelligence (+6).
   It affects your magic capacity (+9).
 F - an uncursed ring of protection from cold
 S - an uncursed ring of resist corrosion
 X - the ring of the Mage (left hand) {Wiz MR++ Int+3}
   (You took it off a hell knight on level 3 of the Depths)

   [ring of wizardry]

   It improves your spell success rate.
   It affects your intelligence (+3).
   It affects your resistance to hostile enchantments.
Wands
 M - a wand of acid (36)
 P - a wand of iceblast (55)
 Z - a wand of clouds (13)
Scrolls
 c - 30 scrolls of identify
 f - 4 scrolls of summoning
 g - 4 scrolls of enchant weapon
 n - 6 scrolls of magic mapping
 r - 14 scrolls of enchant armour
 s - 38 scrolls of remove curse
 w - 9 scrolls of immolation
 z - 2 scrolls of amnesia
 I - 6 scrolls of silence
 R - 18 scrolls of fog
 T - 8 scrolls of holy word
 U - 9 scrolls of fear
Potions
 a - 7 potions of cancellation
 m - 16 potions of brilliance
 q - 8 potions of lignification
 C - 4 potions of might
 D - 10 potions of ambrosia
 G - 2 potions of curing
 H - a potion of stabbing
 J - 2 potions of invisibility
 K - 14 potions of heal wounds
 N - 10 potions of magic
 W - 5 potions of resistance
Comestibles
 d - 84 rations


   Skills:
 O Level 27 Fighting
 - Level 24.6(27) Axes
 - Level 23.1(27) Maces & Flails
   Level 5.5(16.6) Staves
 - Level 11.3 Throwing
 - Level 18.1 Armour
 - Level 17.4 Dodging
 + Level 23.9 Stealth
 - Level 22.0 Shields
 + Level 24.4 Spellcasting
 - Level 9.2 Conjurations
 - Level 12.6 Charms
 - Level 9.0 Transmutations
 - Level 21.3 Fire Magic
 - Level 23.1 Earth Magic
 - Level 14.7 Invocations
 - Level 5.5 Evocations


You had 23 spell levels left.
You knew the following spells:

 Your Spells              Type           Power        Failure   Level  Hunger
a - Statue Form           Tmut/Erth      ######...    1%          6    ###....
b - Sticky Flame          Conj/Fire      ######..     1%          4    None
c - Bolt of Magma         Conj/Fire/Erth #######...   1%          5    None
d - Ignition              Fire           #######...   5%          8    ######.
e - Shatter               Erth           #######...   34%         9    #######
f - Iron Shot             Conj/Erth      ######....   1%          6    ###....
g - Starburst             Conj/Fire      ######....   1%          6    ###....
h - Ring of Flames        Chrm/Fire      #######...   4%          7    #####..

Your spell library contained the following spells:

 Spells                   Type           Power        Failure   Level  Hunger
 Sandblast                Erth           ######       0%          1    None
 Foxfire                  Conj/Fire      ####         1%          1    None
 Infusion                 Chrm           ####         1%          1    None
 Magic Dart               Conj           ####         1%          1    None
 Passwall                 Tmut/Erth      ######..     1%          2    None
 Shroud of Golubria       Chrm/Tloc      #####.       1%          2    None
 Song of Slaying          Chrm           ######..     1%          2    None
 Conjure Flame            Conj/Fire      ######..     1%          3    None
 Ignite Poison            Fire/Tmut/Pois ######..     1%          3    None
 Inner Flame              Hex/Fire       ######..     1%          3    None
 Ozocubu's Armour         Chrm/Ice       #####...     1%          3    None
 Spectral Weapon          Hex/Chrm       #####...     1%          3    None
 Stone Arrow              Conj/Erth      ######       1%          3    None
 Leda's Liquefaction      Hex/Erth       ######....   1%          4    None
 Petrify                  Tmut/Erth      ######..     1%          4    None
 Borgnjor's Vile Clutch   Necr/Erth      ######....   1%          5    None
 Fireball                 Conj/Fire      ######....   1%          5    None
 Lee's Rapid Deconstruct  Erth           #######...   1%          5    None
 Dazzling Flash           Conj/Hex       #####.       2%          3    None
 Spider Form              Tmut/Pois      #####.....   2%          3    None
 Static Discharge         Conj/Air       #####...     2%          3    None
 Irradiate                Conj/Tmut      ######....   3%          5    None
 Mephitic Cloud           Conj/Pois/Air  #####...     4%          3    None
 Animate Skeleton         Necr           N/A          5%          1    None
 Apportation              Tloc           ###...       5%          1    None
 Corona                   Hex            ###....      5%          1    None
 Freeze                   Ice            ###.         5%          1    None
 Pain                     Necr           ###.         5%          1    None
 Summon Butterflies       Summ           ###.....     5%          1    None
 Summon Small Mammal      Summ           ###.         5%          1    None
 Call Imp                 Summ           ###.....     8%          2    None
 Corpse Rot               Necr/Air       N/A          8%          2    None
 Ensorcelled Hibernation  Hex/Ice        ###...       8%          2    None
 Poisonous Vapours        Pois/Air       ###...       8%          2    None
 Slow                     Hex            ###.....     8%          2    None
 Sublimation of Blood     Necr           ###.......   8%          2    None
 Hailstorm                Conj/Ice       #####...     8%          4    None
 Ice Form                 Ice/Tmut       #####...     9%          4    None
 Excruciating Wounds      Chrm/Necr      #####.....   11%         5    None
 Call Canine Familiar     Summ           ###.....     16%         3    None
 Confusing Touch          Hex            ###.....     16%         3    None
 Frozen Ramparts          Ice            ###...       16%         3    None
 Gell's Gravitas          Tloc           ###.......   16%         3    None
 Lesser Beckoning         Tloc           ###.......   16%         3    None
 Portal Projectile        Hex/Tloc       ###...       16%         3    None
 Recall                   Summ/Tloc      N/A          16%         3    None
 Summon Guardian Golem    Hex/Summ       ###.....     16%         3    None
 Teleport Other           Tloc           ###.....     16%         3    None
 Tukima's Dance           Hex            ###.....     16%         3    None
 Vampiric Draining        Necr           ###.......   16%         3    None
 Hydra Form               Tmut           ######....   19%         6    ###....
 Lightning Bolt           Conj/Air       #####.....   21%         5    None
 Alistair's Intoxication  Tmut/Pois      #####...     22%         5    None
 Yara's Violent Unravell  Hex/Tmut       #####.....   22%         5    None
 Animate Dead             Necr           N/A          43%         4    None
 Cause Fear               Hex            ###.......   43%         4    None
 Dispel Undead            Necr           ###.....     43%         4    None
 Olgreb's Toxic Radiance  Pois           ###.....     43%         4    None
 Summon Ice Beast         Ice/Summ       ###.....     43%         4    None
 Summon Lightning Spire   Summ/Air       ###.....     43%         4    None
 Dragon Form              Tmut           ######....   69%         7    #####..
 Conjure Ball Lightning   Conj/Air       #####.....   71%         6    ###....
 Eringya's Noxious Bog    Tmut/Pois      #####.....   73%         6    ###....
 Agony                    Necr           ###.....     77%         5    None
 Aura of Abjuration       Summ           ###.......   77%         5    None
 Metabolic Englaciation   Hex/Ice        ###.......   77%         5    None
 Silence                  Hex/Air        ###.......   77%         5    None
 Summon Demon             Summ           ###.......   77%         5    None
 Summon Forest            Summ/Tloc      ###.......   77%         5    None
 Summon Mana Viper        Hex/Summ       ###.....     77%         5    None
 Freezing Cloud           Conj/Ice/Air   #####.....   89%         6    ###....
 Darkness                 Hex            ###.......   99%         6    ###....
 Death Channel            Necr           ###.......   99%         6    ###....
 Invisibility             Hex            ###.....     99%         6    ###....
 Ozocubu's Refrigeration  Ice            ###.......   99%         6    ###....
 Shadow Creatures         Summ           N/A          99%         6    ###....
 Simulacrum               Ice/Necr       ###.......   99%         6    ###....
 Haunt                    Necr/Summ      ###.......   100%        7    #####..
 Malign Gateway           Summ/Tloc      ###.......   100%        7    #####..
 Monstrous Menagerie      Summ           ###.......   100%        7    #####..
 Summon Greater Demon     Summ           ###.......   100%        7    #####..
 Summon Hydra             Summ           ###.......   100%        7    #####..
 Borgnjor's Revivificati  Necr           ###.......   100%        8    ######.
 Death's Door             Chrm/Necr      #####.....   100%        8    ######.
 Discord                  Hex            ###.......   100%        8    ######.
 Infestation              Necr           ###.......   100%        8    ######.
 Necromutation            Tmut/Necr      #####.....   100%        8    ######.
 Summon Horrible Things   Summ           ###.......   100%        8    ######.
 Dragon's Call            Summ           ###.......   100%        9    #######
 Tornado                  Air            ###.......   100%        9    #######
 Swiftness                Chrm/Air       Unusable     N/A         2    N/A
 Blink                    Tloc           Unusable     N/A         2    N/A
 Passage of Golubria      Tloc           Unusable     N/A         4    N/A

Dungeon Overview and Level Annotations

Branches:
Dungeon (15/15)            Temple (1/1) D:6            Lair (6/6) D:8
 Shoals (4/4) Lair:4       Spider (4/4) Lair:2        Slime (5/5) Lair:5
    Orc (2/2) D:9             Elf (3/3) Orc:2        Vaults (5/5) D:14
  Crypt (3/3) Vaults:3       Tomb (3/3) Crypt:3      Depths (5/5) D:15
   Hell (visited)             Dis (7/7) Hell            Geh (7/7) Hell
    Coc (7/7) Hell            Tar (7/7) Hell            Zot (5/5) Depths:5

Altars:
Ashenzari
Cheibriados
Dithmenos
Elyvilon
Fedhas
Gozag
Hepliaklqana
Kikubaaqudgha
Makhleb
Nemelex Xobeh
Okawaru
Qazlal
Ru
Sif Muna
Trog
Uskayaw
Vehumet
Wu Jian
Xom
Yredelemnul
Zin
The Shining One
Jiyva

Shops:
D:6 :   Orc:2 [*(*(%(:[   Elf:1 *   Elf:3 :?   Shoals:3 %   Shoals:4 :?
Vaults:1 %[(!   Vaults:3 *   Vaults:5 ?!?   Depths:2 =}=

Portals:
Hell: Depths:1 Depths:2 Depths:3 Depths:4 Depths:5
Abyss: Depths:4 Depths:5
Pandemonium: Depths:2 Depths:3

Annotations:
D:9 1 runed translucent door, exclusion: 4 orange crystal statues
D:14 2 runed translucent doors
Spider:3 Nikola
Crypt:2 2 runed translucent doors, Bapru's ghost, veteran MiGl


Innate Abilities, Weirdness & Mutations

You cannot be hasted, slowed, berserked, paralysed or teleported.
You can dig through walls and to a lower floor.
Your four strong arms can wield two-handed weapons with a shield.
You have a pair of large antennae on your head. (SInv)
You are partially covered in rugged brown scales. (AC +1, +3% HP)
Your skin changes colour to match your surroundings (Stealth+).
Armour fits poorly on your strangely shaped body.


Message History

You dig through the rock wall.
You dig through the rock wall.
You dig through the rock wall.
You retract your mandibles.
You extend your mandibles.
You dig through the rock wall.
A hellephant comes into view.
You retract your mandibles.
The hellephant blinks!
There is a stone staircase leading up here.
You fly upwards.
There is a stone staircase leading down here.
You extend your mandibles.
You dig through the rock wall.
You retract your mandibles.
You extend your mandibles.
You dig through the rock wall.
You retract your mandibles.
There is a staircase leading out of the dungeon here.
You have escaped!

#..# #######..########.# ##.#
#.## #.#...#.###.##..#.# #...
#)# #...#.#...#..#.##.####...
#.# #####.###.##.#..#.##.....
#.# ##....#....#.##.#........
#.######..##.#..#......#.##.....
#......####..#..########.####...
######..#...###.#...#....# #...
#..#.#....@....#.#..# ####
#....#...#.###...#..#
##########..#..######
#......#..#.##..# ####
#.##)#....#....## #...
#..#.#..###.##### ##.##
##.#..#...#.#...#####...#
#..##.###.#...#.#........
#####.##..#############.#


There were no monsters in sight!

Vanquished Creatures
  Antaeus (Coc:7)
  Asmodeus (Geh:7)
  the Royal Jelly (Slime:5)
  Gloorx Vloq (Pan)
  Ereshkigal (Tar:7)
  the Serpent of Hell (Tar:7)
  Mnoleg (Pan)
  Lom Lobon (Pan)
  12 ancient liches
  Dispater (Dis:7)
  Khufu (Tomb:3)
  6 orbs of fire
  Mennas (Pan)
  Mara (Crypt:3)
  31 greater mummies
  Sojobo (Crypt:2)
  Boris (Vaults:4)
  10 pandemonium lords
  Saint Roka (Crypt:2)
  7 Killer Klowns
  5 shard shrikes (Coc:7)
  Frederick (Crypt:2)
  Geryon (Hell)
  4 golden dragons
  3 profane servitors
  Jory (Vaults:4)
  Arachne (Spider:3)
  The ghost of OdinFK the Devastator, an adept DrCj of Sif Muna (Vaults:4)
  5 doom hounds (Tar:7)
  9 bone dragons
  20 Tzitzimimeh
  16 Brimstone Fiends
  5 electric golems
  26 tentacled monstrosities
  2 hellephants
  20 Hell Sentinels
  Jorgrun (Spider:3)
  3 iron giants (Dis:7)
  12 Ice Fiends
  27 Orb Guardians
  13 deep elf master archers
  9 deep elf blademasters
  4 quicksilver dragons
  11 liches
  Asterion (Spider:2)
  24 acid blobs
  Murray (Hell)
  16 titans
  An eldritch tentacle (Pan)
  A kraken (Shoals:2)
  7 ancient champions
  41 tentacled starspawn
  38 Executioners
  Kirke (Spider:1)
  11 death cobs
  2 thorn hunters
  A sphinx (shapeshifter) (Vaults:4)
  18 shadow dragons
  17 sphinxes
  Agnes (Spider:2)
  A shadow dragon (shapeshifter) (Vaults:4)
  10 tengu reavers
  14 azure jellies
  7 revenants
  14 storm dragons
  7 draconian monks
  16 vault wardens
  15 fire giants
  10 ghost moths
  11 draconian knights
  10 deep elf sorcerers
  26 frost giants
  Ilsuiw (Shoals:2)
  2 orc warlords
  4 curse skulls
  3 corrupters (Pan)
  26 cacodemons
  14 iron dragons
  A caustic shrike zombie (Crypt:2)
  7 emperor scorpions
  4 warmongers (Pan)
  7 draconian scorchers
  38 balrugs
  14 ironheart preservers
  10 draconian stormcallers
  Aizul (Spider:2)
  8 draconian shifters
  9 draconian annihilators
  2 blood saints (Pan)
  A deep elf elementalist (Abyss:3)
  19 war gargoyles
  38 stone giants
  5 ghouls
  49 reapers
  56 very ugly things
  3 elemental wellsprings (Coc:7)
  4 bennus
  2 entropy weavers
  4 black suns (Pan)
  6 vampire knights
  Nessos (D:15)
  An ophan (Abyss:1)
  19 green draconians
  9 lorocyprocas
  18 black draconians
  7 deep elf annihilators
  16 purple draconians
  A dire elephant (Abyss:1)
  8 spark wasps
  17 red draconians
  10 deep elf demonologists
  12 white draconians
  4 eidola
  7 yellow draconians
  5 merfolk javelineers
  26 blizzard demons
  15 green deaths
  18 ettins
  4 deep elf death magi
  22 mummy priests
  19 death oozes
  A crystal guardian (Vaults:2)
  12 merfolk impalers
  6 quicksilver dragon zombies
  8 fire dragons
  A kraken zombie (Coc:7)
  9 deep elf high priests
  16 yaktaur captains
  3 spectral krakens (Tar:7)
  4 jiangshi (Crypt:1)
  13 ogre magi
  A quicksilver dragon skeleton (Tar:7)
  A fire dragon (shapeshifter) (Vaults:3)
  Harold (D:9)
  10 rakshasas
  26 vault guards
  15 great orbs of eyes
  9 hydras
  2 monstrous demonspawn (Pan)
  26 ice dragons
  5 spriggan air magi
  2 ghost crabs
  2 catoblepae
  3 satyrs
  2 anacondas (shapeshifter)
  4 shambling mangroves
  2 alligator snapping turtles
  8 centaur warriors
  7 merfolk aquamancers
  6 merfolk avatars
  7 deep troll shamans
  3 death knights
  4 titan zombies
  5 deep troll earth magi
  4 alligators
  3 death yaks
  130 death scarabs
  48 two-headed ogres
  20 tengu warriors
  19 hell hogs
  5 spriggan berserkers
  7 vampire magi
  27 dancing weapons
  3 orc high priests
  41 thrashing horrors
  49 deep elf knights
  9 titan skeletons
  2 storm dragon zombies
  7 iron golems
  70 sun demons
  Nergalle (D:10)
  45 soul eaters
  15 shadow wraiths
  2 fire crabs (Abyss:2)
  37 sixfirhies
  15 iron trolls
  A death drake (Abyss:3)
  3 spatial maelstroms
  18 hell knights
  41 skeletal warriors
  32 wretched stars
  3 spark wasp zombies
  A sea snake (shapeshifter) (Vaults:5)
  14 glowing orange brains
  3 golden dragon zombies
  4 storm dragon skeletons
  A spriggan druid (Zig:11)
  2 quicksilver dragon simulacra (Depths:4)
  14 flayed ghosts
  4 unseen horrors (shapeshifter)
  5 gelid demonspawn (Pan)
  10 torturous demonspawn (Pan)
  20 deep trolls
  3 unseen horrors
  10 sea snakes
  16 wizards
  2 swamp dragons (shapeshifter)
  38 shadow demons
  2 orange crystal statues
  2 wolf spider zombies
  3 swamp dragons
  A deep troll (shapeshifter) (Vaults:4)
  23 deep elf archers
  5 infernal demonspawn
  17 necromancers
  The ghost of bananovenc the Ducker, a novice GnMo of Okawaru (D:6)
  3 shadow dragon zombies
  An orb spider (shapeshifter) (Vaults:1)
  23 orb spiders
  An anaconda skeleton (Pan)
  37 harpies
  10 ironbrand convokers
  34 orc knights
  29 phantasmal warriors
  2 salamanders (shapeshifter)
  93 deep elf magi
  6 orc sorcerers
  11 shining eyes
  5 iron dragon zombies
  2 manticores (shapeshifter) (Vaults:4)
  8 stone giant zombies
  A tengu skeleton (Depths:4)
  27 wolf spiders
  2 mana vipers
  2 shadow dragon skeletons
  7 oklob plants
  5 frost giant zombies
  14 worldbinders
  17 cyclopes
  3 fire giant zombies
  A shock serpent zombie (Abyss:1)
  2 iron dragon skeletons
  An elephant (shapeshifter) (Depths:1)
  75 ugly things
  26 moths of wrath
  12 fauns
  2 moths of wrath (shapeshifter)
  12 water nymphs
  11 manticores
  A black mamba (shapeshifter) (Vaults:2)
  A centaur zombie (D:15)
  14 merfolk sirens
  43 smoke demons
  3 black mambas
  A torpor snail (shapeshifter) (Vaults:2)
  2 guardian serpents
  4 stone giant skeletons
  5 ice statues
  5 frost giant skeletons
  4 titan simulacra (Coc:7)
  Psyche (D:10)
  4 eyes of devastation
  8 apocalypse crabs
  2 water nymphs (shapeshifter) (Zig:5)
  18 elephants
  Maggie (D:7)
  2 storm dragon simulacra (Coc:7)
  3 dire elephant skeletons
  9 fire giant skeletons
  7 gargoyles
  3 dire elephant zombies
  12 vault sentinels
  30 spiny frogs
  32 orange demons
  A spiny frog (shapeshifter) (Vaults:4)
  6 torpor snails
  A shock serpent skeleton (Abyss:2)
  8 molten gargoyles
  37 rust devils
  41 demonic crawlers
  11 efreet
  3 yaktaur zombies
  39 hellions
  3 spriggan zombies
  69 yaktaurs
  An emperor scorpion zombie (Dis:7)
  2 rime drakes
  A minotaur zombie (Geh:7)
  10 spectral swamp worms (Tar:7)
  2 anaconda simulacra (Coc:7)
  32 tormentors
  19 freezing wraiths
  A catoblepas zombie (Crypt:2)
  6 komodo dragons
  A yaktaur (shapeshifter) (Depths:1)
  25 ancient zymes
  3 kobold demonologists
  25 hellwings
  6 hydra zombies
  3 yaktaur skeletons
  6 human skeletons
  17 ice devils
  2 meliai (shapeshifter)
  2 catoblepas skeletons
  33 jumping spiders
  30 merfolk
  A wind drake (shapeshifter) (Depths:1)
  39 red devils
  49 guardian mummies
  A polar bear (Vaults:4)
  2 harpy zombies
  A queen ant zombie (Crypt:2)
  A queen bee (D:8)
  2 tengu conjurers
  A troll (shapeshifter) (Elf:3)
  5 tyrant leeches
  A wolf spider simulacrum (Abyss:2)
  2 shadow dragon simulacra
  10 trolls
  9 wind drakes
  17 hornets
  A tyrant leech (shapeshifter) (Vaults:5)
  A hornet (shapeshifter) (Abyss:2)
  3 iron dragon simulacra
  25 blink frogs
  Prince Ribbit (D:6)
  5 hydra skeletons
  A blink frog (shapeshifter) (Depths:2)
  47 raiju
  3 harpy skeletons
  A slime creature (shapeshifter) (Vaults:4)
  5 bog bodies
  A raiju (shapeshifter) (Vaults:4)
  128 slime creatures
  A dream sheep (shapeshifter) (Vaults:5)
  3 fire giant simulacra
  2 fire dragon zombies
  15 hippogriffs
  11 dream sheep
  A hippogriff (shapeshifter) (Abyss:2)
  A deep troll zombie (D:15)
  4 alligator zombies
  4 ettin zombies
  A stone giant simulacrum (Vaults:3)
  6 air elementals
  60 small abominations
  5 ice dragon zombies
  12 snapping turtles
  66 redbacks
  An alligator skeleton (Hell)
  Sigmund (D:4)
  2 black mamba zombies
  16 shadows
  6 ettin skeletons
  5 elf skeletons
  16 fire dragon skeletons
  43 flying skulls
  106 starcursed masses
  30 tarantellas
  10 ushabtiu
  A spriggan (shapeshifter) (Vaults:1)
  3 vampires
  50 yaks
  22 wraiths
  8 wyverns
  45 ynoxinuls
  5 ice dragon skeletons
  4 basilisks
  19 humans (D:14)
  24 water elementals
  4 hogs (Spider:1)
  11 fire bats
  17 golden eyes
  A yaktaur simulacrum (Vaults:4)
  5 fire elementals
  A golden eye (shapeshifter) (Vaults:3)
  39 chaos spawn
  7 hungry ghosts
  141 large abominations
  51 neqoxecs
  6 vampire mosquitoes
  2 human zombies
  7 spatial vortices
  6 wargs
  Edmund (D:4)
  2 acid dragons
  3 hydra simulacra (Coc:7)
  A water nymph skeleton (Crypt:1)
  23 hell hounds
  13 porcupines
  4 spiny frog zombies
  17 water moccasins
  A deep troll skeleton (Vaults:4)
  A swamp drake (Zig:12)
  58 orc warriors
  2 phantoms
  3 snapping turtle zombies
  6 ice beasts
  An alligator simulacrum (Hell)
  A black bear (D:9)
  6 eyes of draining
  An ice beast (shapeshifter) (Abyss:3)
  5 sky beasts
  3 spiny frog skeletons
  A hornet zombie (D:14)
  7 necrophages
  5 wolves (Lair:2)
  A black bear (shapeshifter) (Depths:2)
  31 ogres
  2 orc zombies
  7 ettin simulacra (Depths:4)
  A manticore zombie (Geh:7)
  2 eyes of draining (shapeshifter)
  A boggart (Vaults:3)
  An orc skeleton (Vaults:2)
  A swamp dragon skeleton (Pan)
  15 centaurs
  6 crocodiles
  A big kobold (shapeshifter) (Vaults:5)
  An elf zombie (Geh:7)
  14 big kobolds
  3 gnoll sergeants
  26 bullfrogs
  4 earth elementals
  A glowing shapeshifter simulacrum (Vaults:3)
  3 spiny frog simulacra (Hell)
  2 wyvern skeletons
  5 scorpions
  A raiju zombie (Crypt:1)
  26 killer bees
  A troll zombie (Crypt:2)
  10 wights
  14 electric eels
  18 crimson imps
  2 lava snakes (D:15)
  4 human simulacra
  15 quasits
  6 hounds
  39 iron imps
  A jelly (shapeshifter) (Vaults:4)
  28 orc priests
  3 bullfrog skeletons
  3 centaur skeletons
  A gnoll shaman (D:7)
  5 jellies
  Jessica (D:3)
  Terence (D:3)
  3 iguanas
  32 orc wizards
  A hell rat (D:7)
  A lightning spire (Zot:3)
  12 worker ants
  A tengu zombie (Geh:7)
  An ogre zombie (Dis:7)
  A hound zombie (D:5)
  A hound skeleton (Crypt:2)
  A howler monkey zombie (Crypt:1)
  66 mummies
  Robin (D:3)
  16 gnolls
  4 river rats
  8 adders
  9 shadow imps
  25 white imps
  8 ufetubi
  A worm zombie (Crypt:1)
  2 adder zombies
  An iguana skeleton (Crypt:1)
  A worm (D:2)
  A ball lightning (Pan)
  5 dart slugs
  3 leopard geckos
  105 orcs
  A bat zombie (Crypt:2)
  3 giant cockroaches
  16 hobgoblins
  10 jackals
  6 quokkas
  7 bats
  5 frilled lizards
  12 goblins
  A hobgoblin zombie (Crypt:2)
  15 kobolds
  A kobold zombie (Geh:7)
  A leopard gecko skeleton (D:7)
  A leopard gecko zombie (D:5)
  2 quokka skeletons
  6 rats
  6 crawling corpses
  6 fungi (Orc:2)
  10 plants
  52 starspawn tentacles
  10 tentacles
  A withered plant (D:15)
5632 creatures vanquished.

Vanquished Creatures (collateral kills)
  A deep elf blademaster (Zig:11)
  A draconian monk (Zig:9)
  A fire giant (Crypt:3)
  A green death (Zig:11)
  A shambling mangrove (Zig:12)
  An alligator (Zig:12)
  A death drake (Zig:12)
  3 harpies (Zig:13)
  A shining eye (Zig:6)
  A moth of wrath (Zig:10)
  3 deep elf magi
  3 merfolk (Zig:13)
  A hornet (Zig:12)
  A water elemental (Zig:13)
  A vampire mosquito (Zig:12)
21 creatures vanquished.

Vanquished Creatures (others)
  Cerebov (Pan)
  A thorn hunter (Zig:12)
  An entropy weaver (Spider:3)
  A merfolk javelineer (Zig:13)
  A blizzard demon (Pan)
  A yaktaur captain (Vaults:5)
  5 hydras
  A hell hog (Geh:7)
  A spriggan (Zig:11)
  A death drake (Zig:12)
  An infernal demonspawn (Pan)
  A deep elf archer (Zig:11)
  A wizard (Pan)
  A necromancer (Hell)
  A smoke demon (Pan)
  A hellwing (Pan)
  A hornet (Zig:11)
  A fire giant simulacrum (Vaults:2)
  A ynoxinul (Pan)
  A redback (Spider:3)
  A water elemental (Shoals:4)
  A fire bat (Pan)
  A wraith (Geh:7)
  A hell hound (Geh:7)
  2 large abominations
  A swamp drake (Zig:11)
  An ogre (Orc:2)
  A mummy (Zig:1)
  An ufetubus (Abyss:3)
  9 ball lightnings (Pan)
  2 orcs (Elf:2)
  33 bushes (Lair:6)
  A fire vortex (Pan)
  19 fungi
  A lurking horror (Abyss:3)
  63 plants
  75 starspawn tentacles
  10 tentacles
  2 withered plants
249 creatures vanquished.

Grand Total: 5902 creatures vanquished

Notes
Turn   | Place    | Note
-------+----------+-------------------------------------------
     0 | D:1      | chimenez the Formicid Gladiator began the quest for the
                  | Orb.
     0 | D:1      | Reached XP level 1. HP: 16/16 MP: 1/1
    89 | D:1      | Reached XP level 2. HP: 22/23 MP: 2/2
   474 | D:1      | Reached XP level 3. HP: 21/28 MP: 3/3
  1137 | D:2      | Reached skill level 3 in Fighting
  1220 | D:2      | Found a radiant altar of Vehumet.
  1258 | D:2      | Reached XP level 4. HP: 19/35 MP: 4/4
  2178 | D:2      | Reached skill level 1 in Maces & Flails
  2178 | D:2      | Reached skill level 1 in Shields
  2178 | D:2      | Reached XP level 5. HP: 34/41 MP: 5/5
  2520 | D:3      | Noticed Terence
  2540 | D:3      | Killed Terence
  2943 | D:3      | Noticed Jessica
  2950 | D:3      | Killed Jessica
  2950 | D:3      | Reached XP level 6. HP: 48/48 MP: 6/6
  3082 | D:3      | Noticed Robin
  3352 | D:3      | Killed Robin
  3551 | D:3      | Reached skill level 4 in Fighting
  3723 | D:4      | Noticed a phantom
  3760 | D:4      | Killed a phantom
  3760 | D:4      | Reached XP level 7. HP: 26/54 MP: 7/7
  4250 | D:4      | Reached skill level 5 in Staves
  4647 | D:4      | Found a shattered altar of Ashenzari.
  4685 | D:4      | Noticed Sigmund
  4704 | D:4      | Killed Sigmund
  4713 | D:4      | Reached XP level 8. HP: 15/61 MP: 8/8
  5234 | D:4      | Noticed Edmund
  5248 | D:4      | Killed Edmund
  5248 | D:4      | Reached skill level 5 in Fighting
  5308 | D:4      | Reached skill level 5 in Maces & Flails
  5491 | D:5      | Entered Level 5 of the Dungeon
  5499 | D:5      | Reached skill level 1 in Armour
  5764 | D:5      | Found an iron altar of Okawaru.
  5786 | D:5      | Became a worshipper of Warmaster Okawaru
  6315 | D:5      | Reached skill level 1 in Axes
  6323 | D:5      | Reached XP level 9. HP: 61/69 MP: 9/9
  6416 | D:5      | Reached * piety under Okawaru
  6490 | D:5      | Reached skill level 6 in Fighting
  6704 | D:6      | Found Qakkygh's Book Boutique.
  6706 | D:6      | Found a sparkling altar of Nemelex Xobeh.
  6775 | D:6      | Noticed Prince Ribbit
  6834 | D:6      | HP: 2/69 [Prince Ribbit (12)]
  6840 | D:6      | Killed Prince Ribbit
  7144 | D:6      | Reached skill level 1 in Invocations
  7414 | D:6      | Found a staircase to the Ecumenical Temple.
  7555 | D:6      | Noticed bananovenc's ghost (novice GnMo)
  7557 | D:6      | Found a runed translucent door.
  7935 | D:7      | You fall into a shaft and drop 3 floors!
  7935 | D:10     | Entered Level 10 of the Dungeon
  8158 | D:10     | Noticed Psyche
  8168 | D:10     | Killed Psyche
  8168 | D:10     | Reached ** piety under Okawaru
  8168 | D:10     | Reached skill level 5 in Shields
  8168 | D:10     | Reached XP level 10. HP: 64/77 MP: 12/12
  8378 | D:10     | Noticed Nergalle
  8395 | D:10     | Killed Nergalle
  8395 | D:10     | Reached skill level 7 in Fighting
  8465 | D:10     | Found a shadowy altar of Dithmenos.
  8603 | D:9      | Noticed an orange crystal statue
  8676 | D:9      | Reached skill level 5 in Invocations
  8748 | D:9      | Reached *** piety under Okawaru
  9021 | D:8      | Noticed a death yak
  9030 | D:8      | Noticed a death yak
  9032 | D:8      | Noticed a death yak
  9058 | D:9      | Killed a death yak
  9422 | D:7      | Reached **** piety under Okawaru
  9563 | D:7      | Reached XP level 11. HP: 61/85 MP: 15/15
  9820 | D:7      | Noticed Maggie
  9832 | D:7      | Killed Maggie
 10132 | D:6      | Killed bananovenc's ghost
 10254 | D:8      | Found a staircase to the Lair.
 10368 | D:7      | Reached skill level 8 in Fighting
 10550 | D:7      | Reached skill level 5 in Axes
 10952 | D:7      | Killed a death yak
 10996 | D:8      | Killed a death yak
 11306 | D:8      | Reached ***** piety under Okawaru
 11526 | D:8      | Reached skill level 10 in Maces & Flails
 12032 | D:9      | Found a runed translucent door.
 12038 | D:9      | Found the +10 tower shield of Ignorance {rN+ Int-4}
 12053 | D:9      | Found a runed translucent door.
 12214 | D:9      | Found a staircase to the Orcish Mines.
 12592 | D:9      | Noticed Harold
 12606 | D:9      | Cast into level 1 of the Abyss (Harold)
 12706 | Abyss:1  | Noticed a wretched star
 12733 | Abyss:1  | Killed a wretched star
 12733 | Abyss:1  | Reached XP level 12. HP: 63/94 MP: 16/18
 12777 | Abyss:1  | Noticed a wretched star
 12786 | D:9      | Escaped the Abyss
 12789 | D:9      | You fall into a shaft and drop 3 floors!
 13238 | D:12     | Reached skill level 9 in Fighting
 13314 | D:12     | Noticed a two-headed ogre
 13355 | D:11     | Reached skill level 5 in Armour
 13503 | D:11     | Noticed a soul eater
 13782 | D:11     | Received a gift from Okawaru
 13785 | D:11     | Got a pair of translucent gloves {god gift}
 13791 | D:11     | Identified the +1 pair of gloves of a wizard's laboratory
                  | {*Corrode rPois SInv} (Okawaru gifted it to you on level 11
                  | of the Dungeon)
 14147 | D:11     | Noticed a two-headed ogre
 14153 | D:11     | Killed a two-headed ogre
 14342 | D:11     | Noticed a two-headed ogre
 14352 | D:11     | Killed a two-headed ogre
 15285 | D:9      | Killed Harold
 15285 | D:9      | Reached skill level 5 in Dodging
 15579 | D:12     | Killed a two-headed ogre
 15579 | D:12     | Reached skill level 1 in Evocations
 15698 | Lair:1   | Entered Level 1 of the Lair of Beasts
 15873 | Lair:1   | Reached skill level 10 in Fighting
 15873 | Lair:1   | Reached XP level 13. HP: 78/103 MP: 19/19
 16374 | Lair:1   | Noticed a four-headed hydra
 16387 | Lair:1   | Killed a four-headed hydra
 16445 | D:8      | Got a bloodstained broad axe
 16446 | D:8      | Identified the +4 broad axe "Aceameci" {vorpal, Str+3} (You
                  | found it on level 8 of the Dungeon)
 16755 | Lair:1   | You fall into a shaft and drop 1 floor!
 16756 | Lair:2   | Found a hole to the Spider Nest.
 16839 | Lair:2   | Received a gift from Okawaru
 17137 | Lair:2   | Found a radiant altar of Vehumet.
 17158 | Lair:2   | Noticed a seven-headed hydra
 17168 | Lair:2   | Killed a seven-headed hydra
 18446 | Lair:3   | Noticed a four-headed hydra
 18459 | Lair:3   | Killed a four-headed hydra
 18667 | Lair:3   | Received a gift from Okawaru
 19456 | Lair:4   | Found a staircase to the Shoals.
 19702 | Lair:4   | Reached skill level 11 in Fighting
 20316 | Lair:4   | Noticed a six-headed hydra
 20337 | Lair:4   | Killed a six-headed hydra
 20337 | Lair:4   | Reached XP level 14. HP: 100/113 MP: 20/20
 20355 | Lair:4   | Received a gift from Okawaru
 20416 | Lair:4   | Received a gift from Okawaru
 21331 | Lair:5   | Found a viscous altar of Jiyva.
 21335 | Lair:5   | Found a staircase to the Slime Pits.
 21405 | Lair:5   | Reached skill level 10 in Shields
 22282 | Lair:6   | Entered Level 6 of the Lair of Beasts
 22473 | Lair:5   | Reached skill level 10 in Axes
 22705 | Lair:6   | Received a gift from Okawaru
 22706 | Lair:6   | Got a jewelled quarterstaff {god gift}
 22893 | Lair:6   | Identified the +5 quarterstaff of Birepn {venom, rF+}
                  | (Okawaru gifted it to you on level 6 of the Lair of Beasts)
 23359 | Lair:6   | Reached skill level 5 in Throwing
 23521 | Lair:6   | Received a gift from Okawaru
 23590 | Lair:6   | Reached XP level 15. HP: 98/120 MP: 22/22
 23839 | Lair:6   | Reached skill level 10 in Invocations
 23893 | Lair:6   | Received a gift from Okawaru
 23893 | Lair:6   | Reached skill level 12 in Fighting
 23896 | Lair:6   | Got a pair of warped gloves {god gift}
 24287 | Lair:6   | Identified the +0 pair of gloves "Baf Taquipot" {rC+ Str+3
                  | Slay+2} (Okawaru gifted it to you on level 6 of the Lair of
                  | Beasts)
 25446 | Lair:6   | Got a pair of shimmering gloves
 25457 | Lair:6   | Identified the +2 pair of gloves of Dishonour {*Corrode
                  | *Slow rC+ Int+10} (You found it on level 6 of the Lair of
                  | Beasts)
 25866 | Orc:1    | Entered Level 1 of the Orcish Mines
 26302 | Orc:2    | Entered Level 2 of the Orcish Mines
 26302 | Orc:2    | Found Ilaqim's General Store.
 26524 | Orc:2    | Bought a potion of curing for 45 gold pieces
 26524 | Orc:2    | Bought a scroll of enchant armour for 112 gold pieces
 26525 | Orc:2    | Found Tusad's Antique Weapon Shop.
 26539 | Orc:2    | Found Habeew's Antique Armour Shoppe.
 27063 | Orc:2    | Reached skill level 5 in Evocations
 27272 | Orc:2    | Found Loedutin's Antique Armour Boutique.
 27281 | Orc:2    | Found a staircase to the Elven Halls.
 27312 | Orc:2    | Bought a pair of runed boots for 150 gold pieces
 27312 | Orc:2    | Bought an embroidered cloak for 150 gold pieces
 27535 | Orc:2    | Found Xuipt's Book Emporium.
 27574 | Orc:2    | Found Iheudadgh's Antique Weapon Emporium.
 27574 | Orc:2    | Found Asigaepo's Assorted Antiques.
 27577 | Orc:2    | Noticed a stone giant
 27611 | Orc:2    | Killed a stone giant
 27781 | Orc:2    | Found Mesocuet's Food Shop.
 27822 | Orc:2    | Bought a scroll of fog for 70 gold pieces
 27822 | Orc:2    | Bought a puce potion for 31 gold pieces
 27822 | Orc:2    | Bought a scroll of magic mapping for 122 gold pieces
 27822 | Orc:2    | Bought 2 silvery potions for 63 gold pieces
 27822 | Orc:2    | Bought a potion of curing for 105 gold pieces
 27843 | Orc:2    | Found Gauhuisoipp's Weapon Boutique.
 27918 | Orc:2    | Bought a faintly humming cloak for 190 gold pieces
 27918 | Orc:2    | Bought a crude cloak for 190 gold pieces
 27928 | Orc:2    | Identified the +2 cloak of Xom {rElec rN+ Regen+} (You
                  | bought it in a shop on level 2 of the Orcish Mines)
 27938 | Orc:2    | Identified the +1 cloak of Disaster {rF++ rC++ Int+3} (You
                  | bought it in a shop on level 2 of the Orcish Mines)
 28221 | D:9      | You fall into a shaft and drop 1 floor!
 28855 | D:13     | Reached XP level 16. HP: 119/129 MP: 20/23
 29004 | D:13     | Reached skill level 13 in Fighting
 29338 | D:13     | Received a gift from Okawaru
 29613 | D:14     | Found the +2 shield of Resistance {rF+ rC+ MR+}
 29613 | D:14     | Found a runed translucent door.
 29613 | D:14     | Found a runed translucent door.
 29752 | D:14     | Found a gate to the Vaults.
 30243 | D:14     | Received a gift from Okawaru
 30491 | D:15     | Entered Level 15 of the Dungeon
 30749 | D:15     | Found a staircase to the Depths.
 30986 | D:15     | Received a gift from Okawaru
 31067 | D:15     | Got a spiked scale mail {god gift}
 31068 | D:15     | Identified the +0 scale mail of the Accordion {+Fly rF+
                  | Str+3} (Okawaru gifted it to you on level 15 of the
                  | Dungeon)
 31531 | D:15     | Noticed Nessos
 31558 | D:15     | Killed Nessos
 31786 | Depths:1 | Entered Level 1 of the Depths
 31909 | Depths:1 | Reached XP level 17. HP: 115/138 MP: 22/24
 31919 | Depths:1 | Reached skill level 14 in Fighting
 32393 | Depths:1 | Reached skill level 15 in Axes
 32712 | Depths:1 | Received a gift from Okawaru
 32767 | Depths:1 | Received a gift from Okawaru
 33615 | Depths:1 | Reached XP level 18. HP: 148/148 MP: 25/25
 33734 | Depths:1 | Reached skill level 15 in Fighting
 33769 | Depths:1 | Noticed a titan
 33780 | Depths:1 | Killed a titan
 33997 | Depths:1 | Reached skill level 15 in Shields
 34068 | Depths:1 | Received a gift from Okawaru
 34109 | Depths:1 | Found a gateway to Hell.
 34869 | Depths:1 | Received a gift from Okawaru
 34884 | Depths:1 | Reached ****** piety under Okawaru
 35096 | Depths:2 | Received a gift from Okawaru
 35201 | Depths:2 | Found Riqi's Jewellery Shoppe.
 35203 | Depths:2 | Found Pionummo's Gadget Shop.
 35204 | Depths:2 | Found Pureolir's Jewellery Shoppe.
 35213 | Depths:2 | Bought an uncursed ring of poison resistance for 440 gold
                  | pieces
 35689 | Depths:2 | Reached XP level 19. HP: 153/157 MP: 23/26
 36052 | Depths:2 | Reached skill level 16 in Fighting
 36173 | Depths:2 | Gained mutation: You evolve. [potion of mutation]
 36173 | Depths:2 | Gained mutation: Your magical capacity is low. (-10% MP)
                  | [potion of mutation]
 36173 | Depths:2 | Gained mutation: Your flesh is heat resistant. (rF+)
                  | [potion of mutation]
 36207 | Depths:2 | Found a one-way gate leading to the halls of Pandemonium.
 36644 | Depths:3 | Received a gift from Okawaru
 36701 | Depths:3 | Found a burning altar of Makhleb.
 36715 | Depths:3 | You fall into a shaft and drop 2 floors!
 36715 | Depths:5 | Entered Level 5 of the Depths
 36718 | Depths:5 | Noticed a tentacled monstrosity
 36728 | Depths:5 | Killed a tentacled monstrosity
 36763 | Depths:5 | Received a gift from Okawaru
 36998 | Depths:5 | Gained mutation: Your magical capacity is very low. (-20%
                  | MP) [evolution]
 37242 | Depths:5 | Noticed a lich
 37259 | Depths:5 | Killed a lich
 37734 | Depths:5 | Found a one-way gate to the infinite horrors of the Abyss.
 37820 | Depths:5 | Reached XP level 20. HP: 162/166 MP: 22/22
 37851 | Depths:5 | Found a gate to the Realm of Zot.
 38150 | Depths:5 | Noticed a golden dragon
 38179 | Depths:5 | Killed a golden dragon
 38457 | Depths:4 | You fall into a shaft and drop 1 floor!
 38649 | Depths:4 | Received a gift from Okawaru
 38742 | Depths:4 | Found a burning altar of Makhleb.
 38787 | Depths:4 | Reached skill level 17 in Fighting
 38792 | Depths:4 | Reached skill level 10 in Armour
 38861 | Depths:4 | Noticed a golden dragon
 38864 | Depths:4 | You fall into a shaft and drop 1 floor!
 38950 | Depths:4 | Received a gift from Okawaru
 39084 | Depths:4 | Found an iron altar of Okawaru.
 39084 | Depths:4 | Gained mutation: Armour fits poorly on your strangely
                  | shaped body. [evolution]
 39092 | Depths:4 | Received a gift from Okawaru
 39132 | Depths:4 | Received a gift from Okawaru
 39239 | Depths:4 | Reached XP level 21. HP: 174/174 MP: 20/23
 39298 | Depths:4 | Found the +3 crown of Dyrovepreva {rElec Int+2 SInv}
 39343 | Depths:4 | You fall into a shaft and drop 1 floor!
 39911 | Depths:4 | Found an opulent altar of Gozag.
 40117 | Depths:4 | Found a sacrificial altar of Ru.
 40126 | Depths:4 | Killed a golden dragon
 40171 | Depths:4 | Received a gift from Okawaru
 40287 | Depths:3 | Found a gateway to a ziggurat.
 40435 | Depths:3 | Received a gift from Okawaru
 41076 | Spider:1 | Entered Level 1 of the Spider Nest
 41330 | Spider:1 | Noticed Kirke
 41341 | Spider:1 | Killed Kirke
 41628 | Spider:1 | Lost mutation: Armour fits poorly on your strangely shaped
                  | body. [potion of mutation]
 41628 | Spider:1 | Lost mutation: Your magical capacity is very low. (-20% MP)
                  | [potion of mutation]
 41628 | Spider:1 | Lost mutation: Your magical capacity is low. (-10% MP)
                  | [potion of mutation]
 41628 | Spider:1 | Lost mutation: You evolve. [potion of mutation]
 41628 | Spider:1 | Gained mutation: Armour fits poorly on your strangely
                  | shaped body. [potion of mutation]
 41628 | Spider:1 | Gained mutation: You passively map a small area around you.
                  | [potion of mutation]
 41629 | Spider:1 | Lost mutation: Armour fits poorly on your strangely shaped
                  | body. [potion of mutation]
 41629 | Spider:1 | Lost mutation: You passively map a small area around you.
                  | [potion of mutation]
 41629 | Spider:1 | Lost mutation: Your flesh is heat resistant. (rF+) [potion
                  | of mutation]
 41629 | Spider:1 | Gained mutation: You are frail. (-10% HP) [potion of
                  | mutation]
 41629 | Spider:1 | Gained mutation: Your mind is acute. (Int +2) [potion of
                  | mutation]
 41630 | Spider:1 | Lost mutation: You are frail. (-10% HP) [potion of
                  | mutation]
 41630 | Spider:1 | Lost mutation: Your mind is acute. (Int +2) [potion of
                  | mutation]
 41630 | Spider:1 | Gained mutation: You are agile. (Dex +2) [potion of
                  | mutation]
 41630 | Spider:1 | Gained mutation: You are resistant to hostile enchantments.
                  | (MR+) [potion of mutation]
 41956 | Spider:2 | Reached XP level 22. HP: 183/183 MP: 29/29
 42011 | Spider:2 | Noticed Agnes
 42031 | Spider:2 | Killed Agnes
 42130 | Spider:2 | Noticed Aizul
 42140 | Spider:2 | Killed Aizul
 42140 | Spider:2 | Reached skill level 18 in Fighting
 42265 | Spider:2 | Noticed Asterion
 42274 | Spider:2 | Killed Asterion
 42274 | Spider:2 | Received a gift from Okawaru
 42612 | Spider:3 | Received a gift from Okawaru
 43163 | Spider:3 | Noticed Jorgrun
 43172 | Spider:3 | Killed Jorgrun
 43477 | Spider:3 | Noticed Arachne
 43491 | Spider:3 | Killed Arachne
 44074 | Spider:4 | Entered Level 4 of the Spider Nest
 44074 | Spider:4 | Noticed Nikola
 44095 | Spider:3 | You fall into a shaft and drop 1 floor!
 44132 | Spider:4 | Received a gift from Okawaru
 44781 | Spider:4 | Got a gossamer rune of Zot
 44826 | Spider:4 | Reached skill level 15 in Maces & Flails
 45457 | Shoals:1 | Entered Level 1 of the Shoals
 45964 | Shoals:1 | Received a gift from Okawaru
 46202 | Shoals:2 | Reached XP level 23. HP: 192/192 MP: 28/30
 46337 | Shoals:2 | Received a gift from Okawaru
 46615 | Shoals:2 | Noticed Ilsuiw
 46627 | Shoals:2 | Killed Ilsuiw
 47044 | Shoals:3 | Found Anylis Maczi's Food Emporium.
 47197 | Shoals:3 | Received a gift from Okawaru
 47848 | Shoals:4 | Entered Level 4 of the Shoals
 48082 | Shoals:4 | Found Xuckij's Book Shop.
 48170 | Shoals:4 | Reached skill level 19 in Fighting
 48225 | Shoals:4 | Got a coiled iron ring
 48227 | Shoals:4 | Identified the ring "Puibruj" {rPois rC- Str+2 Dex+6} (You
                  | found it on level 4 of the Shoals)
 48463 | Shoals:4 | Got a barnacled rune of Zot
 48524 | Shoals:4 | Identified the +5 dagger "Demonslayer" {speed, rElec Dex+3}
 48828 | Shoals:4 | Found Aplyq's Magic Scroll Emporium.
 48836 | Shoals:4 | Bought a scroll of magic mapping for 66 gold pieces
 48836 | Shoals:4 | Bought a scroll of enchant armour for 142 gold pieces
 48836 | Shoals:4 | Bought a scroll of enchant armour for 142 gold pieces
 49165 | Vaults:1 | Entered Level 1 of the Vaults
 49467 | Vaults:1 | Found Cizeygah's Food Emporium.
 49541 | Vaults:1 | Found Vouwiuva's Armour Shoppe.
 49564 | Vaults:1 | Found Ahaak Onn's Distillery.
 49573 | Vaults:1 | Bought a potion of might for 52 gold pieces
 49573 | Vaults:1 | Bought 2 potions of curing for 78 gold pieces
 49573 | Vaults:1 | Bought a potion of heal wounds for 65 gold pieces
 49573 | Vaults:1 | Bought a potion of heal wounds for 65 gold pieces
 49573 | Vaults:1 | Bought a potion of curing for 39 gold pieces
 49577 | Vaults:1 | Found Enko Fis's Antique Weapon Shoppe.
 49658 | Vaults:1 | Received a gift from Okawaru
 49658 | Vaults:1 | Reached skill level 10 in Dodging
 49799 | Vaults:1 | Found the +3 giant club "Skullcrusher" {speed, Str+7}
 49930 | Vaults:1 | Reached XP level 24. HP: 202/202 MP: 30/30
 50516 | Vaults:1 | Received a gift from Okawaru
 50813 | Vaults:2 | Reached skill level 10 in Throwing
 51634 | Vaults:2 | Reached skill level 20 in Fighting
 52068 | Vaults:3 | Found Vuom's Assorted Antiques.
 52090 | Vaults:3 | Bought a scroll of magic mapping for 112 gold pieces
 52090 | Vaults:3 | Bought a potion of mutation for 256 gold pieces
 52244 | Vaults:3 | Received a gift from Okawaru
 52602 | Vaults:3 | Reached XP level 25. HP: 210/210 MP: 30/30
 53096 | Vaults:3 | Found a staircase to the Crypt.
 53096 | Vaults:3 | Found an ancient bone altar of Kikubaaqudgha.
 53097 | Vaults:3 | Found a basalt altar of Yredelemnul.
 53258 | Vaults:3 | Received a gift from Okawaru
 53874 | Vaults:4 | Noticed Boris
 53888 | Vaults:4 | Killed Boris
 54277 | Vaults:4 | Found a runed translucent gate.
 54277 | Vaults:4 | Found a runed translucent gate.
 54277 | Vaults:4 | Found a runed translucent gate.
 54364 | Vaults:4 | Found a runed translucent gate.
 54364 | Vaults:4 | Found a runed translucent gate.
 54387 | Vaults:4 | Found a runed translucent gate.
 54395 | Vaults:4 | Noticed OdinFK's ghost (adept DrCj)
 54417 | Vaults:4 | Received a gift from Okawaru
 54417 | Vaults:4 | Gained mutation: Your spells are a little easier to cast,
                  | but a little less powerful. [a cacodemon]
 54421 | Vaults:4 | Killed OdinFK's ghost
 54423 | Vaults:4 | Reached skill level 21 in Fighting
 54458 | Vaults:4 | Gained mutation: Your magical capacity is low. (-10% MP)
                  | [mutagenic glow]
 54473 | Vaults:4 | Lost mutation: Your magical capacity is low. (-10% MP)
                  | [potion of mutation]
 54473 | Vaults:4 | Lost mutation: You are agile. (Dex +2) [potion of mutation]
 54473 | Vaults:4 | Gained mutation: Your magical capacity is low. (-10% MP)
                  | [potion of mutation]
 54473 | Vaults:4 | Gained mutation: You are agile. (Dex +2) [potion of
                  | mutation]
 54473 | Vaults:4 | Gained mutation: You possess an exceptional clarity of
                  | mind. [potion of mutation]
 54474 | Vaults:4 | Lost mutation: Your magical capacity is low. (-10% MP)
                  | [potion of mutation]
 54474 | Vaults:4 | Lost mutation: You are resistant to hostile enchantments.
                  | (MR+) [potion of mutation]
 54474 | Vaults:4 | Gained mutation: Scrolls take you a little longer to read.
                  | [potion of mutation]
 54474 | Vaults:4 | Gained mutation: Your mind is acute. (Int +2) [potion of
                  | mutation]
 54474 | Vaults:4 | Lost mutation: Your spells are a little easier to cast, but
                  | a little less powerful. [potion of mutation]
 54475 | Vaults:4 | Lost mutation: Your mind is acute. (Int +2) [potion of
                  | mutation]
 54475 | Vaults:4 | Lost mutation: Scrolls take you a little longer to read.
                  | [potion of mutation]
 54475 | Vaults:4 | Lost mutation: You are agile. (Dex +2) [potion of mutation]
 54475 | Vaults:4 | Lost mutation: You possess an exceptional clarity of mind.
                  | [potion of mutation]
 54475 | Vaults:4 | Gained mutation: Your muscles are strong. (Str +2) [potion
                  | of mutation]
 54475 | Vaults:4 | Gained mutation: You have a somewhat thin skeletal
                  | structure. (Dex +2, Stealth) [potion of mutation]
 54476 | Vaults:4 | Lost mutation: Your muscles are strong. (Str +2) [potion of
                  | mutation]
 54476 | Vaults:4 | Gained mutation: Your magical capacity is low. (-10% MP)
                  | [potion of mutation]
 54476 | Vaults:4 | Gained mutation: You are dopey. (Int -2) [potion of
                  | mutation]
 54476 | Vaults:4 | Gained mutation: You possess an exceptional clarity of
                  | mind. [potion of mutation]
 54477 | Vaults:4 | Lost mutation: You are dopey. (Int -2) [potion of mutation]
 54477 | Vaults:4 | Lost mutation: You possess an exceptional clarity of mind.
                  | [potion of mutation]
 54477 | Vaults:4 | Lost mutation: Your magical capacity is low. (-10% MP)
                  | [potion of mutation]
 54477 | Vaults:4 | Gained mutation: You are agile. (Dex +2) [potion of
                  | mutation]
 54477 | Vaults:4 | Gained mutation: Your body sometimes deteriorates upon
                  | taking damage. [potion of mutation]
 54477 | Vaults:4 | Gained mutation: You are very agile. (Dex +4) [potion of
                  | mutation]
 54478 | Vaults:4 | Lost mutation: Your body sometimes deteriorates upon taking
                  | damage. [potion of mutation]
 54478 | Vaults:4 | Lost mutation: You have a somewhat thin skeletal structure.
                  | (Dex +2, Stealth) [potion of mutation]
 54478 | Vaults:4 | Lost mutation: You are very agile. (Dex +4) [potion of
                  | mutation]
 54478 | Vaults:4 | Gained mutation: Your muscles are strong. (Str +2) [potion
                  | of mutation]
 54495 | Vaults:4 | Gained mutation: You occasionally shout uncontrollably at
                  | your foes. [mutagenic glow]
 54547 | Vaults:4 | Gained mutation: Armour fits poorly on your strangely
                  | shaped body. [mutagenic glow]
 55061 | Elf:1    | Entered Level 1 of the Elven Halls
 55086 | Elf:1    | Found Nulyc's General Store.
 55127 | Elf:1    | Bought a potion of cancellation for 136 gold pieces
 55127 | Elf:1    | Bought a potion of curing for 51 gold pieces
 55239 | Elf:1    | Reached XP level 26. HP: 222/222 MP: 30/30
 55290 | Elf:1    | Found a runed translucent gate.
 55290 | Elf:1    | Found a runed translucent gate.
 55290 | Elf:1    | Found a runed translucent gate.
 55290 | Elf:1    | Found a runed translucent gate.
 55290 | Elf:1    | Found a runed translucent gate.
 55308 | Elf:1    | Found a runed translucent gate.
 55482 | Elf:1    | Received a gift from Okawaru
 56025 | Elf:2    | Found a runed translucent gate.
 56027 | Elf:2    | Found a runed translucent gate.
 56030 | Elf:2    | Found a runed translucent gate.
 56055 | Elf:2    | Received a gift from Okawaru
 56962 | Elf:3    | Entered Level 3 of the Elven Halls
 57153 | Elf:3    | Identified the ring of Rivetsix {MP+9 Str+2 Int+3}
 57301 | Elf:3    | Identified the ring "Vaofiel" {rElec Int+6}
 57365 | Elf:3    | Identified the cursed +0 trident of Hepliaklqana's Pride
                  | {vorpal, rN+ Int+5 Dex-4}
 57390 | Elf:3    | Reached skill level 22 in Fighting
 57393 | Elf:3    | Identified the ring of Xufitwerr {*Corrode +Inv rC+ Str+8
                  | Slay-4}
 57452 | Elf:3    | Identified the amulet "Zeyre" {Inacc rPois Str+3} (You
                  | found it on level 3 of the Elven Halls)
 57712 | Elf:3    | Found Kulykk's Magic Scroll Boutique.
 57749 | Elf:3    | Bought a scroll of fear for 49 gold pieces
 57749 | Elf:3    | Bought a scroll of enchant weapon for 105 gold pieces
 57749 | Elf:3    | Bought a scroll of enchant armour for 105 gold pieces
 57749 | Elf:3    | Bought a scroll of enchant weapon for 105 gold pieces
 57749 | Elf:3    | Bought a scroll of fear for 49 gold pieces
 57771 | Elf:3    | Received a gift from Okawaru
 57783 | Elf:3    | Reached XP level 27. HP: 214/231 MP: 30/30
 57835 | Elf:3    | Found a shimmering blue altar of Sif Muna.
 58238 | Elf:3    | Received a gift from Okawaru
 58265 | Elf:3    | Found Xauceteg's Book Emporium.
 59818 | Vaults:5 | Entered Level 5 of the Vaults
 60017 | Vaults:5 | Noticed Jory
 60190 | Vaults:5 | Received a gift from Okawaru
 60197 | Vaults:4 | Killed Jory
 60737 | Vaults:5 | Noticed an ancient lich
 60969 | Vaults:5 | Killed an ancient lich
 60969 | Vaults:5 | Received a gift from Okawaru
 60972 | Vaults:5 | Got a black opal-encrusted chain mail {god gift}
 60973 | Vaults:5 | Identified the +1 chain mail of Mutualism {Stlth+} (Okawaru
                  | gifted it to you on level 5 of the Vaults)
 61038 | Vaults:5 | Reached skill level 23 in Fighting
 61057 | Vaults:5 | Identified the +8 hunting sling of the Harvest {vorpal,
                  | *Contam rN+ MR+ Int+2}
 61307 | Vaults:5 | Found Diquddul's Magic Scroll Emporium.
 61320 | Vaults:5 | Bought a scroll of fog for 32 gold pieces
 61320 | Vaults:5 | Bought a scroll of silence for 120 gold pieces
 61320 | Vaults:5 | Bought a scroll of fog for 32 gold pieces
 61351 | Vaults:5 | Identified the +6 longbow "Yjeezab" {vorpal, rC+ MR+ Dex+3}
 61471 | Vaults:5 | Found Ixzoac's Distillery.
 61475 | Vaults:5 | Bought a potion of mutation for 144 gold pieces
 61475 | Vaults:5 | Bought 2 potions of curing for 108 gold pieces
 61475 | Vaults:5 | Bought a potion of magic for 144 gold pieces
 61475 | Vaults:5 | Bought a potion of curing for 54 gold pieces
 61475 | Vaults:5 | Bought a potion of cancellation for 144 gold pieces
 61475 | Vaults:5 | Bought a potion of heal wounds for 90 gold pieces
 61495 | Vaults:5 | Found Xeta Ygu's Magic Scroll Emporium.
 61504 | Vaults:5 | Bought a scroll of summoning for 209 gold pieces
 61766 | Vaults:5 | Found the +0 staff of Battle
 62080 | Vaults:5 | Got a silver rune of Zot
 62658 | Zot:1    | Entered Level 1 of the Realm of Zot
 62666 | Zot:1    | Received a gift from Okawaru
 62855 | Zot:1    | Received a gift from Okawaru
 63843 | Zot:1    | Learned a level 6 spell: Statue Form
 63848 | Zot:1    | Learned a level 4 spell: Sticky Flame
 63928 | Zot:2    | Reached skill level 1 in Fire Magic
 63928 | Zot:2    | Reached skill level 1 in Earth Magic
 63936 | Zot:2    | Reached skill level 1 in Transmutations
 64008 | Zot:2    | Reached skill level 1 in Spellcasting
 64008 | Zot:2    | Reached skill level 1 in Conjurations
 64098 | Zot:2    | Received a gift from Okawaru
 64143 | Zot:2    | Noticed an orb of fire
 64153 | Zot:2    | Gained mutation: You sometimes yell uncontrollably at your
                  | foes. [an orb of fire]
 64155 | Zot:2    | Gained mutation: Your body sometimes deteriorates upon
                  | taking damage. [an orb of fire]
 64157 | Zot:2    | Killed an orb of fire
 64508 | Zot:2    | Received a gift from Okawaru
 64698 | Zot:2    | Received a gift from Okawaru
 64785 | Zot:3    | Noticed an orb of fire
 64837 | Zot:3    | Gained mutation: Your mind is acute. (Int +2) [an orb of
                  | fire]
 64847 | Zot:2    | Gained mutation: Your spells are a little easier to cast,
                  | but a little less powerful. [an orb of fire]
 64848 | Zot:2    | Killed an orb of fire
 65117 | Zot:3    | Reached skill level 24 in Fighting
 65315 | Zot:3    | Reached skill level 5 in Earth Magic
 65645 | Zot:3    | Received a gift from Okawaru
 65899 | Zot:3    | Received a gift from Okawaru
 66183 | Zot:4    | Received a gift from Okawaru
 66186 | Zot:4    | Got a fine executioner's axe {god gift}
 66187 | Zot:4    | Identified the +9 executioner's axe of Defence by Offence
                  | {flame, rF+ rC+ Str+6 Int-4} (Okawaru gifted it to you on
                  | level 4 of the Realm of Zot)
 66531 | Zot:4    | Reached skill level 5 in Spellcasting
 66536 | Zot:4    | Reached skill level 5 in Fire Magic
 66959 | Zot:4    | Received a gift from Okawaru
 67050 | Zot:5    | Entered Level 5 of the Realm of Zot
 67622 | Zot:5    | Noticed an ancient lich
 67627 | Zot:5    | Noticed an orb of fire
 67627 | Zot:5    | Noticed a Killer Klown
 67627 | Zot:5    | Noticed a Killer Klown
 67654 | Zot:5    | Killed an orb of fire
 67666 | Zot:5    | Killed an ancient lich
 67678 | Zot:5    | Noticed an orb of fire
 67685 | Zot:5    | Gained mutation: Your magical capacity is low. (-10% MP)
                  | [an orb of fire]
 67686 | Zot:5    | Lost mutation: Your muscles are strong. (Str +2) [an orb of
                  | fire]
 67689 | Zot:5    | Killed an orb of fire
 67692 | Zot:5    | Noticed an orb of fire
 67696 | Zot:5    | Gained mutation: Your body often deteriorates upon taking
                  | damage. [an orb of fire]
 67697 | Zot:5    | Killed an orb of fire
 67708 | Zot:5    | Received a gift from Okawaru
 67714 | Zot:5    | Killed a Killer Klown
 67729 | Zot:5    | Killed a Killer Klown
 67729 | Zot:5    | Noticed an ancient lich
 67733 | Zot:5    | Killed an ancient lich
 67734 | Zot:5    | Noticed an orb of fire
 67734 | Zot:5    | Noticed an ancient lich
 67734 | Zot:5    | Noticed a Killer Klown
 67735 | Zot:5    | Noticed a Killer Klown
 67746 | Zot:5    | Killed an orb of fire
 67757 | Zot:5    | Killed an ancient lich
 67757 | Zot:5    | Received a gift from Okawaru
 67765 | Zot:5    | Killed a Killer Klown
 67777 | Zot:5    | Killed a Killer Klown
 67777 | Zot:5    | Received a gift from Okawaru
 67778 | Zot:5    | Noticed a Killer Klown
 67779 | Zot:5    | Noticed a Killer Klown
 67788 | Zot:5    | Killed a Killer Klown
 67792 | Zot:5    | Killed a Killer Klown
 67798 | Zot:5    | Noticed an ancient lich
 67806 | Zot:5    | Killed an ancient lich
 67818 | Zot:5    | Received a gift from Okawaru
 67893 | Zot:5    | Received a gift from Okawaru
 68540 | Temple   | Entered the Ecumenical Temple
 68673 | Temple   | Fell from the grace of Okawaru
 68673 | Temple   | Became a worshipper of the Shining One
 69031 | Crypt:1  | Entered Level 1 of the Crypt
 69084 | Crypt:1  | Reached * piety under the Shining One
 69319 | Crypt:1  | Reached ** piety under the Shining One
 69658 | Crypt:1  | Reached skill level 10 in Earth Magic
 69694 | Crypt:1  | Reached *** piety under the Shining One
 69976 | Crypt:2  | Noticed Saint Roka
 69985 | Crypt:2  | Noticed Frederick
 69987 | Crypt:2  | Noticed Sojobo
 69989 | Crypt:2  | Killed Sojobo
 69994 | Crypt:2  | Killed Frederick
 69999 | Crypt:2  | Killed Saint Roka
 70163 | Crypt:2  | Reached **** piety under the Shining One
 70333 | Crypt:2  | Reached ***** piety under the Shining One
 70420 | Crypt:2  | Found a large runed translucent door.
 70420 | Crypt:2  | Found a large runed translucent door.
 70425 | Crypt:2  | Noticed Bapru's ghost (veteran MiGl)
 70730 | Crypt:3  | Entered Level 3 of the Crypt
 70946 | Crypt:3  | Noticed Mara
 70953 | Crypt:3  | Noticed chimenez's illusion
 70955 | Crypt:3  | Killed Mara
 71160 | Crypt:3  | Found a staircase to the Tomb.
 71164 | Crypt:3  | Reached ****** piety under the Shining One
 71610 | Crypt:3  | Identified Huypery's Handbook of Evil Illusion
 71641 | Crypt:3  | Identified a +9 eveningstar of holy wrath (a +8 vorpal
                  | eveningstar blessed by the Shining One)
 71641 | Crypt:3  | Received a gift from the Shining One
 71739 | Crypt:3  | Found an ancient bone altar of Kikubaaqudgha.
 71749 | Crypt:3  | Noticed an ancient lich
 71755 | Crypt:3  | Killed an ancient lich
 71782 | Crypt:3  | Identified Lycehi's Collected Works on Black Rites
 71791 | Crypt:3  | Noticed an ancient lich
 71796 | Crypt:3  | Killed an ancient lich
 71796 | Crypt:3  | Reached skill level 25 in Fighting
 71941 | Crypt:3  | Noticed an ancient lich
 71947 | Crypt:3  | Killed an ancient lich
 72042 | Crypt:3  | Identified a scroll of acquirement
 72053 | Crypt:3  | Acquired a +0 executioner's axe of flaming
 72598 | Temple   | Lost mutation: Your mind is acute. (Int +2) [potion of
                  | mutation]
 72598 | Temple   | Lost mutation: Your body often deteriorates upon taking
                  | damage. [potion of mutation]
 72598 | Temple   | Lost mutation: Your body sometimes deteriorates upon taking
                  | damage. [potion of mutation]
 72598 | Temple   | Gained mutation: Your mind is acute. (Int +2) [potion of
                  | mutation]
 72598 | Temple   | Lost mutation: Your spells are a little easier to cast, but
                  | a little less powerful. [potion of mutation]
 72598 | Temple   | Gained mutation: Your flesh is heat resistant. (rF+)
                  | [potion of mutation]
 72599 | Temple   | Lost mutation: Your mind is acute. (Int +2) [potion of
                  | mutation]
 72599 | Temple   | Lost mutation: You sometimes yell uncontrollably at your
                  | foes. [potion of mutation]
 72599 | Temple   | Lost mutation: Your magical capacity is low. (-10% MP)
                  | [potion of mutation]
 72599 | Temple   | Gained mutation: Your movements are slightly less
                  | encumbered by armour. (ER -2) [potion of mutation]
 72930 | Zig:1    | Entered Level 1 of a ziggurat
 72986 | Zig:2    | Entered Level 2 of a ziggurat
 72987 | Zig:2    | Noticed a Killer Klown
 72993 | Zig:2    | Killed a Killer Klown
 73013 | Zig:3    | Entered Level 3 of a ziggurat
 73014 | Zig:3    | Noticed Dibetut the pandemonium lord
 73025 | Zig:3    | Gained mutation: Scrolls take you a little longer to read.
                  | [a neqoxec]
 73036 | Zig:3    | Killed Dibetut the pandemonium lord
 73096 | Zig:4    | Entered Level 4 of a ziggurat
 73130 | Zig:5    | Entered Level 5 of a ziggurat
 73275 | Zig:6    | Entered Level 6 of a ziggurat
 73282 | Zig:6    | Gained mutation: You sometimes yell uncontrollably at your
                  | foes. [a shining eye]
 73294 | Zig:6    | Gained mutation: Your spells are a little easier to cast,
                  | but a little less powerful. [a shining eye]
 73307 | Zig:6    | Got a pitted iron ring
 73313 | Zig:6    | Identified Hatoy's Grimoire of Ashen Good Luck
 73412 | Zig:6    | Identified the ring of Baer {rC+ MP+9 Str+6} (You found it
                  | on level 6 of a ziggurat)
 73414 | Zig:7    | Entered Level 7 of a ziggurat
 73433 | Zig:7    | Reached skill level 10 in Fire Magic
 73454 | Zig:7    | Got a heavily runed turquoise ring
 73458 | Zig:7    | Identified the cursed ring "Jer Sir" {rF+ rC++ Str-4 Int+3}
                  | (You found it on level 7 of a ziggurat)
 73461 | Zig:8    | Entered Level 8 of a ziggurat
 73487 | Zig:8    | Reached skill level 10 in Spellcasting
 73524 | Zig:8    | Identified the Almanac of Earth and Enchantment
 73546 | Zig:9    | Entered Level 9 of a ziggurat
 73598 | Zig:9    | Got a pair of faintly glowing boots
 73601 | Zig:9    | Identified the +0 pair of boots of Submission {MR+} (You
                  | found it on level 9 of a ziggurat)
 73671 | Zig:10   | Entered Level 10 of a ziggurat
 73838 | Zig:10   | Got a sparkling bronze amulet
 73841 | Zig:10   | Identified the amulet of Xom's Best Wishes {rPois rC+
                  | Regen+} (You found it on level 10 of a ziggurat)
 73850 | Zig:11   | Entered Level 11 of a ziggurat
 73906 | Zig:11   | Identified the amulet "Ovva Vicw" {RegenMP rC++ MR- Stlth+}
                  | (You found it on level 11 of a ziggurat)
 73925 | Zig:11   | Lost mutation: Your flesh is heat resistant. (rF+) [potion
                  | of mutation]
 73925 | Zig:11   | Lost mutation: You are agile. (Dex +2) [potion of mutation]
 73925 | Zig:11   | Lost mutation: You sometimes yell uncontrollably at your
                  | foes. [potion of mutation]
 73925 | Zig:11   | Lost mutation: Armour fits poorly on your strangely shaped
                  | body. [potion of mutation]
 73925 | Zig:11   | Gained mutation: Armour fits poorly on your strangely
                  | shaped body. [potion of mutation]
 73925 | Zig:11   | Gained mutation: You are partially covered in rugged brown
                  | scales. (AC +1, +3% HP) [potion of mutation]
 73929 | Zig:11   | Lost mutation: Your spells are a little easier to cast, but
                  | a little less powerful. [potion of mutation]
 73929 | Zig:11   | Lost mutation: You occasionally shout uncontrollably at
                  | your foes. [potion of mutation]
 73929 | Zig:11   | Gained mutation: Scrolls take you longer to read. [potion
                  | of mutation]
 73929 | Zig:11   | Gained mutation: You are partially covered in icy blue
                  | scales. (AC +2) [potion of mutation]
 73929 | Zig:11   | Gained mutation: You are agile. (Dex +2) [potion of
                  | mutation]
 73929 | Zig:11   | Gained mutation: Your skin changes colour to match your
                  | surroundings (Stealth+). [potion of mutation]
 73964 | Zig:12   | Entered Level 12 of a ziggurat
 74070 | Zig:13   | Entered Level 13 of a ziggurat
 74398 | Zig:13   | Got a scorched steel ring
 74402 | Zig:13   | Identified the ring of Juil Qegh {Slay+3 Stlth-} (You found
                  | it on level 13 of a ziggurat)
 74716 | Temple   | Fell from the grace of the Shining One
 74716 | Temple   | Became a worshipper of Zin the Law-Giver
 74716 | Temple   | Reached * piety under Zin
 74716 | Temple   | Reached ** piety under Zin
 74716 | Temple   | Reached *** piety under Zin
 74716 | Temple   | Reached **** piety under Zin
 74717 | Temple   | Donated 2914 gold pieces to Zin
 74778 | D:7      | Reached ***** piety under Zin
 74891 | D:12     | Was forgiven by Okawaru
 75066 | Depths:1 | Reached ****** piety under Zin
 75155 | Depths:4 | Voluntarily entered the Abyss.
 75658 | Abyss:3  | Found a shadowy altar of Dithmenos.
 75686 | Abyss:3  | Found a shadowy altar of Dithmenos.
 75880 | Abyss:3  | Found a corrupted altar of Lugonu.
 76264 | Abyss:3  | Found a corrupted altar of Lugonu.
 76826 | Abyss:3  | Noticed an ancient lich
 76884 | Depths:4 | Escaped the Abyss
 77063 | Depths:4 | Voluntarily entered the Abyss.
 77379 | Abyss:2  | Found an iron altar of Okawaru.
 77412 | Abyss:2  | Found an iron altar of Okawaru.
 78278 | Abyss:3  | Got an abyssal rune of Zot
 78299 | Depths:4 | Escaped the Abyss
 78687 | Slime:1  | Entered Level 1 of the Pits of Slime
 79069 | Slime:2  | You are sucked into a shaft and drop 1 floor!
 79302 | Slime:3  | Found a viscous altar of Jiyva.
 79516 | Slime:5  | Entered Level 5 of the Pits of Slime
 79651 | Slime:5  | Reached skill level 26 in Fighting
 80374 | Slime:5  | Reached skill level 15 in Armour
 80424 | Slime:5  | Found a viscous altar of Jiyva.
 80425 | Slime:5  | Noticed the Royal Jelly
 80522 | Slime:5  | Killed the Royal Jelly
 80847 | Slime:5  | Got a slimy rune of Zot
 80874 | Slime:5  | Got a wavering granite ring
 80877 | Slime:5  | Identified the ring of Maaceomu {Ice Str-3 Int+6} (You
                  | found it on level 5 of the Pits of Slime)
 80881 | Slime:5  | Got a flickering jade amulet
 80884 | Slime:5  | Identified the amulet "Fidiyn" {Inacc rC- Int+4 Dex+9
                  | Stlth-} (You found it on level 5 of the Pits of Slime)
 80896 | Slime:5  | Identified Oribbuog's Collected Works on Creation
 80921 | Slime:5  | Got a pair of ichor-stained boots
 80924 | Slime:5  | Identified the cursed +0 pair of boots of the Armadillo
                  | {Str+5 Dex+2} (You found it on level 5 of the Pits of
                  | Slime)
 81121 | Slime:5  | Lost mutation: You are agile. (Dex +2) [potion of mutation]
 81121 | Slime:5  | Lost mutation: Scrolls take you longer to read. [potion of
                  | mutation]
 81467 | Pan      | Entered Pandemonium
 82220 | Pan      | Noticed Sicoin the pandemonium lord
 82242 | Pan      | Killed Sicoin the pandemonium lord
 82365 | Pan      | Got a pair of ancient gloves
 82368 | Pan      | Identified the +1 pair of gloves of the Forest {rC+ Dex+8}
                  | (You found it in Pandemonium)
 83026 | Pan      | Reached skill level 15 in Dodging
 83280 | Pan      | Found an exit through the horrors of the Abyss.
 83766 | Pan      | Noticed Umisaw the pandemonium lord
 83773 | Pan      | Killed Umisaw the pandemonium lord
 83890 | Pan      | Noticed Esmeggug the pandemonium lord
 83901 | Pan      | Killed Esmeggug the pandemonium lord
 85546 | Pan      | Entered the realm of Lom Lobon.
 86189 | Pan      | Noticed Lom Lobon
 86225 | Pan      | Killed Lom Lobon
 86254 | Pan      | Got a magical rune of Zot
 86638 | Pan      | Got a smoking cloak
 86641 | Pan      | Identified the +2 cloak of Conscience {rElec rCorr Int-3}
                  | (You found it in Pandemonium)
 87073 | Pan      | Noticed Wajas the pandemonium lord
 87087 | Pan      | Killed Wajas the pandemonium lord
 87237 | Pan      | Reached skill level 15 in Spellcasting
 87855 | Pan      | Got a demonic rune of Zot
 87893 | Pan      | Reached skill level 27 in Fighting
 88651 | Pan      | Noticed Sejilikaergh the pandemonium lord
 88675 | Pan      | Killed Sejilikaergh the pandemonium lord
 88675 | Pan      | Reached skill level 15 in Earth Magic
 89006 | Pan      | Noticed Quonem Dan the pandemonium lord
 89023 | Pan      | Killed Quonem Dan the pandemonium lord
 89292 | Pan      | Lost mutation: Scrolls take you a little longer to read.
                  | [potion of mutation]
 89292 | Pan      | Lost mutation: Your movements are slightly less encumbered
                  | by armour. (ER -2) [potion of mutation]
 89292 | Pan      | Lost mutation: You are partially covered in icy blue
                  | scales. (AC +2) [potion of mutation]
 89753 | Pan      | Reached skill level 5 in Transmutations
 89768 | Pan      | Noticed Qopn the pandemonium lord
 89788 | Pan      | Killed Qopn the pandemonium lord
 90331 | Depths:2 | Escaped Pandemonium
 90333 | Depths:2 | Acquired 7 rations
 90339 | Pan      | Entered the realm of Cerebov.
 90339 | Pan      | Entered Pandemonium
 90711 | Pan      | Identified the ring of Bumn {rC+ Str+3 Int+6} (You found it
                  | in Pandemonium)
 90718 | Pan      | Got a polished battleaxe
 90719 | Pan      | Identified the +3 battleaxe of Obsession {holy, Int+3} (You
                  | found it in Pandemonium)
 90760 | Pan      | Identified the Guide on Transmigration and the Volcanoes
 91051 | Pan      | Identified the +6 sword of Cerebov {flame}
 91051 | Pan      | Noticed Cerebov
 91078 | Pan      | Killed Cerebov
 91384 | Pan      | Got a fiery rune of Zot
 91582 | Pan      | Reached skill level 1 in Stealth
 91584 | Pan      | Noticed Mennas
 91614 | Pan      | Killed Mennas
 91781 | Pan      | Entered the realm of Mnoleg.
 91799 | Pan      | Learned a level 5 spell: Bolt of Magma
 92158 | Pan      | Learned a level 8 spell: Ignition
 92168 | Pan      | Learned a level 9 spell: Shatter
 92180 | Pan      | Noticed Mnoleg
 92196 | Pan      | Reached skill level 5 in Conjurations
 92221 | Pan      | Killed Mnoleg
 92465 | Pan      | Reached skill level 5 in Stealth
 92503 | Pan      | Got a glowing rune of Zot
 93357 | Pan      | Noticed Junicas the pandemonium lord
 93362 | Pan      | Killed Junicas the pandemonium lord
 93493 | Pan      | Found an exit through the horrors of the Abyss.
 93747 | Pan      | Noticed Dotuu the pandemonium lord
 93762 | Pan      | Killed Dotuu the pandemonium lord
 93826 | Pan      | Entered the realm of Gloorx Vloq.
 94129 | Pan      | Noticed Gloorx Vloq
 94220 | Pan      | Killed Gloorx Vloq
 94752 | Pan      | Found an exit through the horrors of the Abyss.
 94832 | Pan      | Reached skill level 15 in Fire Magic
 95375 | Pan      | Got a dark rune of Zot
 95475 | Pan      | Took an exit into the Abyss.
 95475 | Abyss:1  | Escaped into the Abyss
 95475 | Abyss:1  | Found a corrupted altar of Lugonu.
 95659 | Abyss:1  | Killed an ancient lich
 95663 | Depths:2 | Escaped the Abyss
 95721 | Hell     | Entered the Vestibule of Hell
 95721 | Hell     | Noticed Geryon
 95739 | Hell     | Killed Geryon
 95868 | Hell     | Found a gateway to the freezing wastes of Cocytus.
 96157 | Hell     | Found a gateway to the decaying netherworld of Tartarus.
 96166 | Tar:1    | Entered Level 1 of Tartarus
 96170 | Tar:1    | You are sucked into a shaft and drop 1 floor!
 96176 | Tar:2    | You are sucked into a shaft and drop 2 floors!
 96185 | Tar:4    | You are sucked into a shaft and drop 1 floor!
 96188 | Tar:5    | You are sucked into a shaft and drop 1 floor!
 96199 | Tar:6    | You are sucked into a shaft and drop 1 floor!
 96199 | Tar:7    | Entered Level 7 of Tartarus
 97178 | Tar:7    | Got a fading lajatang
 97179 | Tar:7    | Identified the +6 lajatang "Evof" {drain, Int+3} (You found
                  | it on level 7 of Tartarus)
 97741 | Tar:7    | Learned a level 6 spell: Iron Shot
 97857 | Tar:7    | Noticed the Serpent of Hell
 97880 | Tar:7    | Killed the Serpent of Hell
 98029 | Tar:7    | Noticed Ereshkigal
 98397 | Tar:7    | Killed Ereshkigal
 98610 | Tar:7    | Got a bone rune of Zot
 98614 | Tar:7    | Got a twitching bronze ring
 98615 | Tar:7    | Identified the ring of Nosulom {rElec rN+ Dex-2 Stlth-}
                  | (You found it on level 7 of Tartarus)
 98853 | Hell     | Noticed Murray
 98867 | Hell     | Killed Murray
 99051 | Hell     | Found a gateway to the ashen valley of Gehenna.
 99105 | Geh:1    | Entered Level 1 of Gehenna
 99109 | Geh:1    | You are sucked into a shaft and drop 1 floor!
 99144 | Geh:2    | You are sucked into a shaft and drop 1 floor!
 99184 | Geh:3    | You are sucked into a shaft and drop 1 floor!
 99187 | Geh:4    | You are sucked into a shaft and drop 2 floors!
 99194 | Geh:6    | You are sucked into a shaft and drop 1 floor!
 99194 | Geh:7    | Entered Level 7 of Gehenna
 99194 | Geh:7    | Identified the +7 sceptre of Asmodeus
 99194 | Geh:7    | Noticed Asmodeus
 99245 | Geh:7    | Killed Asmodeus
 99256 | Geh:7    | Got an obsidian rune of Zot
 99602 | Geh:7    | Identified the ring "Poghuv" {MP+9 Str-5 Int+6}
 99938 | Geh:7    | Learned a level 6 spell: Starburst
 99946 | Geh:7    | Learned a level 7 spell: Ring of Flames
 99970 | Geh:7    | Identified the +6 falchion of the Shore {vamp, rElec rN+
                  | MR- Str+6}
 99977 | Geh:7    | Reached skill level 1 in Charms
100811 | Geh:7    | Reached skill level 5 in Charms
101000 | Depths:4 | Voluntarily entered the Abyss.
101000 | Abyss:1  | Found a corrupted altar of Lugonu.
102662 | Abyss:2  | Found a transporter.
103436 | Depths:4 | Escaped the Abyss
103438 | Depths:4 | Voluntarily entered the Abyss.
103501 | Abyss:2  | Found a corrupted altar of Lugonu.
103548 | Abyss:2  | Found an iron altar of Okawaru.
103592 | Abyss:2  | Noticed an ancient lich
103602 | Abyss:2  | Killed an ancient lich
104297 | Depths:4 | Escaped the Abyss
104458 | Hell     | Found a gateway to the Iron City of Dis.
104467 | Dis:1    | Entered Level 1 of the Iron City of Dis
104552 | Dis:1    | Reached skill level 10 in Stealth
104565 | Dis:1    | You are sucked into a shaft and drop 1 floor!
104621 | Dis:2    | You are sucked into a shaft and drop 1 floor!
104636 | Dis:3    | You are sucked into a shaft and drop 3 floors!
104856 | Dis:6    | You are sucked into a shaft and drop 1 floor!
104856 | Dis:7    | Entered Level 7 of the Iron City of Dis
106689 | Dis:7    | Identified Nitamun's Tome of Intoxication and Aid
107117 | Dis:7    | Identified the +4 staff of Dispater
107117 | Dis:7    | Noticed Dispater
107145 | Dis:7    | Killed Dispater
107153 | Dis:7    | Got an iron rune of Zot
107574 | Depths:5 | Voluntarily entered the Abyss.
108439 | Depths:5 | Escaped the Abyss
108482 | Coc:1    | Entered Level 1 of Cocytus
108488 | Coc:1    | You are sucked into a shaft and drop 1 floor!
108491 | Coc:2    | You are sucked into a shaft and drop 1 floor!
108494 | Coc:3    | You are sucked into a shaft and drop 2 floors!
108494 | Coc:5    | Noticed a shard shrike
108494 | Coc:5    | Noticed a shard shrike
108497 | Coc:5    | You are sucked into a shaft and drop 1 floor!
108502 | Coc:6    | You are sucked into a shaft and drop 1 floor!
108502 | Coc:7    | Entered Level 7 of Cocytus
108522 | Coc:7    | Noticed a shard shrike
108528 | Coc:7    | Killed a shard shrike
108528 | Coc:7    | Reached skill level 15 in Stealth
108696 | Coc:7    | Noticed a shard shrike
108696 | Coc:7    | Noticed a shard shrike
108697 | Coc:7    | Noticed a shard shrike
108697 | Coc:7    | Noticed a shard shrike
108700 | Coc:7    | Killed a shard shrike
108703 | Coc:7    | Killed a shard shrike
108703 | Coc:7    | Killed a shard shrike
108711 | Coc:7    | Killed a shard shrike
108981 | Coc:7    | Noticed Antaeus
109005 | Coc:7    | Killed Antaeus
109299 | Coc:7    | Got an icy rune of Zot
109303 | Coc:7    | Found the ring of Phasing {EV+8}
109304 | Coc:7    | Got a translucent brass amulet
109305 | Coc:7    | Identified the amulet "Loocupia" {+Blink rF- MR+++ Regen+
                  | Str+4} (You found it on level 7 of Cocytus)
109310 | Coc:7    | Identified the Incunabulum of Snow
109921 | Temple   | Fell from the grace of Zin
109921 | Temple   | Became a worshipper of the Shining One
110452 | Tomb:1   | Entered Level 1 of the Tomb of the Ancients
110472 | Tomb:1   | Noticed a greater mummy
110472 | Tomb:1   | Noticed a greater mummy
110474 | Tomb:1   | Noticed a greater mummy
110487 | Crypt:3  | Killed a greater mummy
110603 | Tomb:1   | Noticed a greater mummy
110606 | Tomb:1   | Noticed a greater mummy
110607 | Tomb:1   | Killed a greater mummy
110614 | Crypt:3  | Killed a greater mummy
110768 | Tomb:1   | Killed a greater mummy
110769 | Tomb:1   | Noticed a greater mummy
110773 | Tomb:1   | Killed a greater mummy
110910 | Tomb:1   | Noticed a greater mummy
110911 | Tomb:1   | Killed a greater mummy
110911 | Tomb:1   | Reached skill level 10 in Charms
110927 | Crypt:3  | Killed a greater mummy
111037 | Tomb:1   | Noticed a greater mummy
111043 | Tomb:1   | Killed a greater mummy
111087 | Tomb:1   | Noticed an ancient lich
111089 | Tomb:1   | Noticed a greater mummy
111096 | Tomb:1   | Killed an ancient lich
111102 | Tomb:1   | Killed a greater mummy
111105 | Tomb:1   | Noticed a greater mummy
111109 | Tomb:1   | Noticed a greater mummy
111351 | Tomb:1   | Killed a greater mummy
111355 | Tomb:1   | Killed a greater mummy
111769 | Tomb:1   | Noticed a greater mummy
111777 | Tomb:1   | Killed a greater mummy
111895 | Tomb:1   | Noticed a greater mummy
111895 | Tomb:1   | Noticed a greater mummy
111898 | Tomb:1   | Noticed a greater mummy
111900 | Tomb:1   | Noticed a greater mummy
111902 | Tomb:1   | Killed a greater mummy
111902 | Tomb:1   | Noticed a greater mummy
111905 | Tomb:1   | Killed a greater mummy
111907 | Tomb:1   | Killed a greater mummy
111908 | Tomb:1   | Noticed a greater mummy
111911 | Tomb:1   | Killed a greater mummy
111913 | Tomb:1   | Killed a greater mummy
111913 | Tomb:1   | Killed a greater mummy
111913 | Tomb:1   | Noticed a greater mummy
111921 | Tomb:1   | Killed a greater mummy
112180 | Tomb:2   | Noticed a greater mummy
112180 | Tomb:2   | Noticed a greater mummy
112180 | Tomb:2   | Noticed a greater mummy
112181 | Tomb:2   | Noticed a greater mummy
112182 | Tomb:2   | Killed a greater mummy
112182 | Tomb:2   | Killed a greater mummy
112184 | Tomb:2   | Killed a greater mummy
112185 | Tomb:2   | Killed a greater mummy
112614 | Tomb:3   | Entered Level 3 of the Tomb of the Ancients
112632 | Tomb:3   | Noticed a greater mummy
112640 | Tomb:3   | Killed a greater mummy
112643 | Tomb:3   | Noticed a greater mummy
112655 | Tomb:3   | Noticed a greater mummy
112655 | Tomb:3   | Noticed a greater mummy
112658 | Tomb:3   | Killed a greater mummy
112660 | Tomb:3   | Noticed an ancient lich
112661 | Tomb:3   | Killed a greater mummy
112664 | Tomb:3   | Noticed a greater mummy
112664 | Tomb:3   | Noticed a greater mummy
112664 | Tomb:3   | Killed a greater mummy
112664 | Tomb:3   | Noticed a greater mummy
112665 | Tomb:3   | Noticed Khufu
112666 | Tomb:3   | Killed a greater mummy
112666 | Tomb:3   | Noticed a greater mummy
112667 | Tomb:3   | Killed a greater mummy
112669 | Tomb:3   | Killed an ancient lich
112670 | Tomb:3   | Killed a greater mummy
112673 | Tomb:3   | Killed a greater mummy
112674 | Tomb:3   | Killed Khufu
112871 | Tomb:3   | Got a golden rune of Zot
113501 | Temple   | Fell from the grace of the Shining One
113501 | Temple   | Became a worshipper of Zin the Law-Giver
113502 | Temple   | Donated 4238 gold pieces to Zin
114334 | Zot:5    | Got the Orb of Zot
114435 | Zot:3    | Noticed Ziloufoa the pandemonium lord
115026 | D:$      | Escaped with the Orb!

Illustrated notes

Levels and vault maps discovered:
D:1:      psy_arrival_radial01, layout_loops_ring, minmay_misc_feat_pillars
D:2:      layout_basic, lemuel_round_altar, minmay_misc_feat_enclosed
D:3:      layout_basic, first_ration, uniq_robin, uniq_jessica, uniq_terence
D:4:      layout_basic, evilmike_ruin_ashenzari, feat_on_display, uniq_sigmund,
          uniq_edmund
D:5:      kennysheep_spiral_hall, layout_loops_corners, serial_rivers,
          chequers_serial_rivers_marsh, chequers_serial_rivers_micro_e,
          chequers_serial_rivers_small_3, chequers_serial_rivers_marsh,
          okawaru_altar_gauntlet_db
D:6:      layout_loops_ring, minmay_temple_entry_wispy, basic_altar,
          hellmonk_ghost_happy_afterlife, serial_shops, nicolae_shop_waterfront,
          uniq_prince_ribbit1
D:7:      layout_loops_ring, kennysheep_nub, uniq_maggie
D:8:      layout_loops_ring, dpeg_lair_monsters, david_nohive_1
D:9:      layout_basic, kennysheep_orc_monster_closet_entryway,
          chequers_guarded_unrand_ignorance, uniq_harold
D:10:     layout_loops_cross, nicolae_dithmenos_through_a_glass_darkly,
          uniq_nergalle, uniq_psyche
D:11:     layout_basic, portal_ice_cave_entry_imps, st_stairs_1
D:12:     layout_rooms, corexii_leaking_fountain
D:13:     layout_loops_cross
D:14:     layout_long_grid, grunt_vaults_entry_tiered,
          kennysheep_big_empty_room, chequers_big_river,
          minmay_guarded_unrand_resistance
D:15:     gammafunk_depths_entry_grave, layout_basic,
          hangedman_abyss_or_decor_lesser_grid, serial_bayou,
          serial_bayou_pond_b, serial_bayou_pond_d, serial_bayou_ford_a,
          serial_bayou_shore_a, amethyst_killhole, serial_park_tiny_pond,
          uniq_nessos
Temple:   regret_index_temple_chain_breaker
Lair:1:   layout_regular_city
Lair:2:   layout_cave_pods, spider_nest_entry_web_field, basic_altar,
          beast_lair_carwin_4
Lair:3:   layout_gridlike
Lair:4:   layout_layer_cave, elwin_shoals_entry_stream, special_room
          [special_room_mythical_zoo], st_stairs_9, small_statue_intersection,
          grunt_megastairs_2
Lair:5:   layout_loops_ring, slime_altar_1, chequers_serial_rivers_room_a
Lair:6:   minmay_lair_end_frog_pond, layout_regular_city,
          nicolae_quartered_pool_medium, minmay_lair_oklob_bushes, st_stairs_3,
          minmay_hedge_maze, serial_bayou_crossing
Shoals:1: layout_shoals, nicolae_shoals_mertower
Shoals:2: layout_shoals, uniq_ilsuiw
Shoals:3: layout_shoals, serial_shops, shop_fountains
Shoals:4: shoals_end_hangedman, layout_shoals, serial_shops, shop, shop
Spider:1: layout_spider_delve, drop_trap, uniq_kirke
Spider:2: layout_spider_delve, uniq_asterion, uniq_agnes, uniq_aizul
Spider:3: layout_chambers, uniq_arachne, uniq_jorgrun
Spider:4: grunt_spider_rune_parallel, uniq_nikola
Slime:1:  layout_caves
Slime:2:  layout_caves, nicolae_slime_barrier
Slime:3:  layout_caves, basic_altar
Slime:4:  layout_caves
Slime:5
Orc:1:    layout_caves
Orc:2:    grunt_orc_gardens, layout_caves, grunt_orc_garden, grunt_orc_garden,
          grunt_orc_garden, grunt_orc_garden, serial_shops,
          nicolae_shop_waterfront, shop, shop, shop, nicolae_shop_stone
Elf:1:    layout_gridlike, serial_shops, shop, orc_legates, minivault_24
Elf:2:    layout_geoelf_grid, special_room [special_room_orc]
Elf:3:    grunt_elf_hall_asides, layout_onion_city, basic_altar, serial_shops,
          shop_fountains, nicolae_shop_stone
Vaults:1: ontoclasm_vaults_claustrophobia, v_misc_26, v_misc_22,
          st_quartered_hall, hangedman_vaults_trim, nicolae_vaults_asterisk,
          v_alt_pattern_1, v_misc_11, v_rooms_3, nicolae_vaults_border_crossing,
          layout_vaults_omnicross, serial_shops, bzr_entry_customers, shop,
          shop, nicolae_shop_statue_plus, nicolae_shop_crystal
Vaults:2: vaults_room_fours, hangedman_vaults_cutoff,
          vaults_standard_mumra_enter_the_diamond, v_misc_33, v_misc_25,
          st_cells, v_misc_2, v_misc_15, ontoclasm_vaults_decontamination,
          v_pattern_4, v_misc_25, nicolae_vaults_theta, v_misc_16,
          layout_vaults_ring, uniq_margery
Vaults:3: vaults_room_fours, st_squares, minmay_crypt_entry_necro_gods,
          ontoclasm_vaults_idyll, nicolae_vaults_angled_halls,
          ontoclasm_vaults_eye, layout_vaults_omnigrid, serial_shops, shop
Vaults:4: ploomutoo_gammafunk_vaults_ghost_potion_laboratory,
          grunt_vaults_funnel, vaults_room_grid, ontoclasm_vaults_idyll,
          v_alt_pattern_6, vaults_mumra_hexcomb, vaults_dpeg_ring, v_rooms_6,
          vaults_room_large_hall, vaults_room_boxed,
          ontoclasm_vaults_ring_small, v_pattern_3, serial_ice_h,
          layout_vaults_omnibox, uniq_boris
Vaults:5: uniq_jory
Crypt:1:  layout_catacombs
Crypt:2:  layout_misc_corridors, ebering_ghost_disaster_area, uniq_sojobo,
          uniq_saint_roka, uniq_frederick
Crypt:3:  quadcrypt_mu, uniq_mara
Tomb:1
Tomb:2
Tomb:3
Depths:1: hangedman_stitches_corridor, layout_basic,
          serial_sigils_hangedman_shear, hell_entry, kennysheep_generic_room_15
Depths:2: kennysheep_bubbly, layout_basic, grunt_hell_entry_dis_grunt,
          minmay_misc_feat_rows, rand_demon_pan_entry_4,
          infiniplex_staircase_pillars_2, minmay_shop_grove
Depths:3: minmay_the_grid_triangle_9x9_rhombus_thin
          [minmay_the_grid_triangle_9x9_odd_lines,
          minmay_the_grid_triangle_9x9_prize_top_heavy,
          minmay_the_grid_triangle_9x9_shrine,
          minmay_the_grid_triangle_9x9_limited_checkers], layout_gridville,
          enter_ziggurat_b, grunt_metal_band, minmay_crystal_water, pan_entry,
          infiniplex_staircase_door_maze
Depths:4: grunt_profane_halls [grunt_profane_temple_dis,
          grunt_profane_temple_geh, grunt_profane_temple_coc,
          grunt_profane_temple_tar, grunt_profane_loot], abyss_entry,
          hell_entry, serial_shops
Depths:5: grunt_zot_entry_pinwheel, layout_basic, hangedman_decor_riveting,
          hell_entry, abyss_entry
Hell
Dis:1:    layout_chaotic_city, grunt_dis_stairs_iron_hall
Dis:2:    layout_gridville
Dis:3:    layout_chaotic_city
Dis:6:    layout_regular_city
Dis:7:    iron_city_of_dis [dis_grunt, dis_wall_5], layout_chaotic_city
Geh:1:    layout_gehenna_lava_caves
Geh:2:    layout_gehenna_pools_box
Geh:3:    layout_gehenna_lava_caves
Geh:4:    layout_gehenna_pools_box
Geh:6:    layout_gehenna_pools_triple, minmay_fire_ice_demons
Geh:7:    geh_grunt
Coc:1:    layout_ice_bergs, serial_ice
Coc:2:    layout_cocytus_water_paths
Coc:3:    layout_ice_bergs
Coc:5:    layout_cocytus_water_paths
Coc:6:    layout_cocytus_water_paths
Coc:7:    coc_old
Tar:1:    layout_honeycomb
Tar:2:    layout_grid_maze
Tar:4:    layout_catacombs
Tar:5:    layout_honeycomb, nicolae_tar_cuneiform_three
Tar:6:    layout_honeycomb
Tar:7:    tar_minmay_river
Zot:1:    layout_cathedral_of_symmetry
Zot:2:    layout_misc_corridors, grunt_megastairs_1
Zot:3:    evilmike_crystal_ball_defense, layout_gridlike, evilmike_ambush
          [evilmike_ambush_outer_basic, evilmike_ambush_inner_cross]
Zot:4:    layout_twisted_circle
Zot:5:    layout_gridlike

Skill      XL: |  1  2  3  4  5  6  7  8  9 10 11 12 13 14 15 16 17 18 19 20 21 22 23 24 25 26 27 |
---------------+----------------------------------------------------------------------------------+-----
Fighting       | 3 4 5 6 7 8 10 11 12 13 14 15 16 17 18 19 20 21 22 27 | 27.0
Staves         | 4 5 |  5.5
Maces & Flails | 1 2 3 4 6 7 9 10 11 12 13 15 16 23 | 23.1
Shields        | 1 2 3 4 5 6 7 9 10 12 13 14 15 17 19 22 | 22.0
Armour         | 2 3 4 6 9 10 11 12 13 18 | 18.1
Axes           | 1 3 4 5 6 9 10 12 14 16 17 18 19 20 21 24 | 24.6
Invocations    | 3 6 8 9 10 14 | 14.7
Dodging        | 3 5 7 8 9 10 11 17 | 17.4
Evocations     | 1 4 5 |  5.5
Throwing       | 5 6 8 9 11 | 11.3
Fire Magic     | 21 | 21.3
Earth Magic    | 23 | 23.1
Transmutations | 9 |  9.0
Spellcasting   | 24 | 24.4
Conjurations   | 9 |  9.2
Stealth        | 23 | 23.9
Charms         | 12 | 12.6

Action                   |  1- 3 |  4- 6 |  7- 9 | 10-12 | 13-15 | 16-18 | 19-21 | 22-24 | 25-27 || total
-------------------------+-------+-------+-------+-------+-------+-------+-------+-------+-------++-------
Melee: Quarterstaff      |    90 |   191 |    90 |       |       |       |       |       |       ||   371
       Dire flail        |       |       |   232 |   732 |   866 |   292 |    11 |       |       ||  2133
       Broad axe         |       |       |       |       |   469 |   738 |       |       |       ||  1207
       Battleaxe         |       |       |       |       |       |   206 |  1027 |  1712 |  2248 ||  5193
       Executioner's axe |       |       |       |       |       |       |       |       |  4784 ||  4784
       Eveningstar       |       |       |       |       |       |       |       |       |  2348 ||  2348
Throw: Throwing net      |       |       |     2 |     3 |     4 |       |       |       |       ||     9
       Dart              |       |       |       |     9 |    37 |     5 |       |       |     5 ||    56
       Javelin           |       |       |       |       |       |       |       |       |    77 ||    77
       Boomerang         |       |       |       |       |       |       |       |       |    17 ||    17
 Cast: Ignition          |       |       |       |       |       |       |       |       |    34 ||    34
       Statue Form       |       |       |       |       |       |       |       |       |    26 ||    26
       Shatter           |       |       |       |       |       |       |       |       |    17 ||    17
       Bolt of Magma     |       |       |       |       |       |       |       |       |    15 ||    15
       Ring of Flames    |       |       |       |       |       |       |       |       |     6 ||     6
       Iron Shot         |       |       |       |       |       |       |       |       |     4 ||     4
       Starburst         |       |       |       |       |       |       |       |       |     1 ||     1
Invok: Heroism           |       |       |     2 |    25 |    39 |    32 |    16 |    16 |    35 ||   165
       Finesse           |       |       |       |     1 |     1 |     2 |     1 |     2 |     6 ||    13
       Sanctuary         |       |       |       |       |       |       |       |       |    18 ||    18
       Summon Divine War |       |       |       |       |       |       |       |       |    12 ||    12
       Divine Shield     |       |       |       |       |       |       |       |       |     3 ||     3
       Donate Gold       |       |       |       |       |       |       |       |       |     2 ||     2
       Brand Weapon With |       |       |       |       |       |       |       |       |     1 ||     1
 Abil: Dig               |       |     1 |     3 |    13 |    23 |    17 |    10 |     6 |    88 ||   161
       Shaft Self        |       |       |     1 |     1 |     1 |       |     5 |     1 |    19 ||    28
Evoke: Wand              |       |       |     2 |     1 |     1 |       |       |       |     2 ||     6
  Use: Scroll            |       |     4 |     3 |     6 |     7 |    16 |    21 |     6 |    58 ||   121
       Potion            |       |       |     2 |     1 |       |       |     5 |       |    78 ||    86
 Stab: Held in net/web   |       |       |     1 |     2 |       |       |       |       |       ||     3
       Paralysed         |       |       |     3 |       |       |       |       |       |       ||     3
       Distracted        |       |       |       |     1 |       |       |       |     1 |     9 ||    11
       Invisible         |       |       |       |     4 |       |       |       |       |     3 ||     7
       Confused          |       |       |       |       |       |       |       |       |     1 ||     1
       Petrifying        |       |       |       |       |       |       |       |       |     1 ||     1
  Eat: Chunk             |     1 |     8 |    10 |    25 |    45 |    18 |    24 |    35 |    77 ||   243
       Ration            |       |       |     1 |     1 |       |     2 |       |     1 |    52 ||    57
Armor: Leather armour    |     9 |       |       |       |       |       |       |       |       ||     9
       Ring mail         |    14 |    36 |       |       |       |       |       |       |       ||    50
       Chain mail        |       |    67 |   108 |   171 |   286 |   117 |    22 |       |       ||   771
       Storm dragon scal |       |       |       |       |       |       |    22 |       |       ||    22
       Gold dragon scale |       |       |       |       |       |       |   157 |   308 |  1792 ||  2257
       Skin              |       |       |       |       |       |       |       |       |   102 ||   102
Dodge: Dodged            |    59 |    81 |    92 |   176 |   320 |   172 |   204 |   374 |  1847 ||  3325
Block: Buckler           |     4 |    21 |    56 |    68 |       |       |       |       |       ||   149
       Kite shield       |       |       |       |   134 |   552 |       |       |       |       ||   686
       Tower shield      |       |       |       |       |    54 |  1010 |  1092 |  1809 |  9726 || 13691
